 Dungeon Crawl Stone Soup version 0.31-a0-1110-gab2881137f (webtiles) character file.

Game seed: 11469076969932155793

11982898 zdzicho121 the Petrodigitator (level 27, 12/205 HPs)
             Began as a Gargoyle Earth Elementalist on Dec 3, 2023.
             Was an Initiate of Gozag.
             Escaped with the Orb
             ... and 15 runes!
             The game lasted 04:46:00 (138655 turns).

zdzicho121 the Petrodigitator (GrEE)              Turns: 138655, Time: 04:46:01

Health: 12/205     AC: 52    Str: 16    XL:     27
Magic:  27/54      EV: 27    Int: 41    God:    Gozag
Gold:   20957      SH: 14    Dex: 12    Spells: 0/80 levels left

rFire   + + +        k - staff "Rivyci" {Str-3 Int+3 SInv Earth}
rCold   + + +        l - +3 buckler {rC+ rF+}
rNeg    + + +        R - +4 faerie dragon scales {rElec Regen+ rCorr HP+6}
rPois   ∞            D - -2 hat of the Alchemist {rElec rPois rF+ rC+ rN+ Will+ rMut rCorr}
rElec   +            j - +4 dragonskin cloak
rCorr   +            A - +2 pair of gloves "Olaat" {rN+ Regen+ rCorr Stlth-}
SInv    +            s - +2 pair of slick slippers {slick, slippery, EV+4}
Will    ++++.        J - amulet of Faohe {RegenMP Str+4 Int+2}
Stlth   +            d - ring of Iczuu {Wiz Will+ Int+4 Dex-2}
HPRegen 2.14/turn    W - ring "Jucioggi" {Wiz rF+ Str+2 Int+5 Slay-3}
MPRegen 0.74/turn

%: clarity, resist mutation, wizardry (x2)
@: in death's door, gold aura, flying, slowed, glowing, studying 6 skills, very
slow
A: sickness immunity, AC +20, big wings, negative energy resistance 1,
electricity resistance, torment resistance 1, petrification resistance, horns 1,
iridescent scales 2, agile 1, clarity, cold resistance 1, subdued magic 1,
MP-powered wands
0: Orb of Zot
}: 15/15 runes: serpentine, barnacled, slimy, silver, golden, iron, obsidian,
icy, bone, abyssal, demonic, glowing, magical, fiery, dark
a: Renounce Religion, Potion Petition, Call Merchant, Bribe Branch


You escaped.
You worshipped Gozag.
Gozag was extremely pleased with you.
You visited 18 branches of the dungeon, and saw 87 of its levels.
You visited Pandemonium 2 times, and saw 24 of its levels.
You visited the Abyss 2 times.
You visited 1 bazaar.
You visited 3 ziggurats (completing 2), and saw 57 of their levels.
You also visited: Trove, Bailey, Gauntlet, Ice Cave, Wizlab and Desolation.

You collected 80408 gold pieces.
You spent 10685 gold pieces at shops.
You paid 48766 gold pieces to Gozag.

Inventory:

Missiles
 m - 45 javelins
 r - 20 silver javelins (quivered)
Armour
 j - the +4 dragonskin cloak (worn)
   (You took it off Tiamat on level 1 of the Realm of Zot)

   Avatar's Aegis: It grants the wearer a chance to resist fire, cold, poison,
   electricity, acid, and negative energy.
 l - a +3 buckler of resistance (worn)
 s - the +2 pair of slick slippers (worn) {slick, slippery, EV+4}
   (You acquired it on level 24 of a ziggurat)

   Slick:     Its wearer cannot be constricted, engulfed, netted or webbed.
   Slippery:  Its wearer slips away from damaging melee attacks, pulling the
   attacker onward.
   EV+4:      It affects your evasion (+4).
 x - the +2 helmet of the Skies Above {Dex+7}
   (You bought it in a shop on level 3 of the Vaults)

   Dex+7:     It affects your dexterity (+7).
 A - the +2 pair of gloves "Olaat" (worn) {rN+ Regen+ rCorr Stlth-}
   (You acquired it on level 23 of a ziggurat)

   rN+:       It protects you from negative energy.
   Regen+:    It increases your rate of health regeneration.
   rCorr:     It protects you from acid and corrosion.
   Stlth-:    It makes you less stealthy.
 D - the -2 hat of the Alchemist (worn) {rElec rPois rF+ rC+ rN+ Will+ rMut rCorr}
   (You found it on level 15 of a ziggurat)

   rF+:       It protects you from fire.
   rC+:       It protects you from cold.
   rElec:     It insulates you from electricity.
   rPois:     It protects you from poison rN+: It protects you from negative
   energy.
   Will+:     It increases your willpower.
   rCorr:     It protects you from acid and corrosion.
   rMut:      It protects you from mutation.
 R - the +4 faerie dragon scales (worn) {rElec Regen+ rCorr HP+6}
   (You took it off the Enchantress on level 2 of the Depths)

   rElec:     It insulates you from electricity.
   HP+6:      It affects your health (+6).
   Regen+:    It increases your rate of health regeneration.
   rCorr:     It protects you from acid and corrosion.
 Y - a +2 cloak of willpower
Magical Staves
 f - the staff "Godudapn" {rN+ Str+2 Dex+4 Necro}
   (You found it on level 7 of Gehenna)

   [staff of death]

   Base accuracy: +5 Base damage: 5 Base attack delay: 1.2 This weapon's minimum
   attack delay (0.6) is reached at skill level 12.
   Str+2:     It affects your strength (+2).
   Dex+4:     It affects your dexterity (+4).
   rN+:       It protects you from negative energy.
   Necro:     It increases the power of your Necromancy spells.
   It falls into the 'Staves' category.
   It is a one-handed weapon.
 h - the staff "Arhegum" {rF+ Str-4 Dex+4 Tmut Fire}
   (You found it on level 7 of Tartarus)

   [staff of fire]

   Base accuracy: +5 Base damage: 5 Base attack delay: 1.2 This weapon's minimum
   attack delay (0.6) is reached at skill level 12.
   Str-4:     It affects your strength (-4).
   Dex+4:     It affects your dexterity (+4).
   rF+:       It protects you from fire.
   Tmut:      It increases the power of your Transmutations spells.
   Fire:      It increases the power of your Fire spells.
   It falls into the 'Staves' category.
   It is a one-handed weapon.
 k - the staff "Rivyci" (weapon) {Str-3 Int+3 SInv Earth}
   (You found it on level 24 of a ziggurat)

   [staff of earth]

   Base accuracy: +5 Base damage: 5 Base attack delay: 1.2 This weapon's minimum
   attack delay (0.6) is reached at skill level 12.
   Str-3:     It affects your strength (-3).
   Int+3:     It affects your intelligence (+3).
   SInv:      It lets you see invisible.
   Earth:     It increases the power of your Earth spells.
   It falls into the 'Staves' category.
   It is a one-handed weapon.
Jewellery
 d - the ring of Iczuu (left hand) {Wiz Will+ Int+4 Dex-2}
   (You found it in a treasure trove)

   [ring of wizardry]

   Wiz:       It improves your spell success rate.
   Int+4:     It affects your intelligence (+4).
   Dex-2:     It affects your dexterity (-2).
   Will+:     It increases your willpower.
 e - the ring of Shadows {Umbra +Inv Stlth+}
   (You took it off a salamander mystic on level 1 of the Snake Pit)

   [ring of stealth]

   Umbra:     It surrounds you with an aura of shadow, increasing your stealth
   and reducing the accuracy of all others within it.
   +Inv:      It lets you turn invisible.
   Stlth+:    It makes you more stealthy.
 H - the amulet of Jeklomol {Harm rElec Regen+ Str+3}
   (You found it in Pandemonium)

   [amulet of regeneration]

   Str+3:     It affects your strength (+3).
   rElec:     It insulates you from electricity.
   Regen+:    It increases your rate of health regeneration.
   Harm:      It increases damage dealt and taken.
 I - the ring of Zuse {Drain rElec rC+ Will++ AC+4}
   (You found it on level 25 of a ziggurat)

   [ring of protection]

   AC+4:      It affects your AC (+4).
   rC+:       It protects you from cold.
   rElec:     It insulates you from electricity.
   Will++:    It greatly increases your willpower.
   Drain:     It drains your maximum health when unequipped.
 J - the amulet of Faohe (around neck) {RegenMP Str+4 Int+2}
   (You found it on level 26 of a ziggurat)

   [amulet of magic regeneration]

   RegenMP:   It increases your rate of magic regeneration.
   Str+4:     It affects your strength (+4).
   Int+2:     It affects your intelligence (+2).
 K - the ring of Free Expression {Will+ rCorr AC+4 Dex+3}
   (You found it on level 18 of a ziggurat)

   [ring of protection]

   AC+4:      It affects your AC (+4).
   Dex+3:     It affects your dexterity (+3).
   Will+:     It increases your willpower.
   rCorr:     It protects you from acid and corrosion.
 S - the amulet "Woptaet" {Reflect rC+ Int+3 Dex+3 SH+5}
   (You found it in a treasure trove)

   [amulet of reflection]

   Reflect:   It reflects blocked missile attacks.
   Int+3:     It affects your intelligence (+3).
   Dex+3:     It affects your dexterity (+3).
   rC+:       It protects you from cold.
   SH+5:      It affects your SH (+5).
 W - the ring "Jucioggi" (right hand) {Wiz rF+ Str+2 Int+5 Slay-3}
   (You found it on level 16 of a ziggurat)

   [ring of wizardry]

   Wiz:       It improves your spell success rate.
   Str+2:     It affects your strength (+2).
   Int+5:     It affects your intelligence (+5).
   Slay-3:    It affects your accuracy & damage with ranged weapons and melee
   (-3).
   rF+:       It protects you from fire.
Scrolls
 p - 23 scrolls of enchant armour
 q - 16 scrolls of amnesia
 v - 15 scrolls of fear
 w - 79 scrolls of teleportation
 y - 16 scrolls of revelation
 P - 21 scrolls of blinking
 X - 43 scrolls of fog
Potions
 a - 7 potions of ambrosia
 b - a potion of magic
 c - a potion of invisibility
 g - 41 potions of curing
 i - 5 potions of resistance
 B - 24 potions of mutation
 E - 12 potions of might
 F - 12 potions of haste
 G - 41 potions of heal wounds
 L - 6 potions of brilliance
 N - 20 potions of cancellation
 O - 7 potions of enlightenment


   Skills:
 O Level 27 Fighting
 + Level 23.1 Staves
 - Level 16.0 Throwing
 O Level 27 Armour
 O Level 27 Dodging
 O Level 27 Stealth
 O Level 27 Shields
 O Level 27 Spellcasting
 * Level 26.9 Conjurations
 * Level 22.0 Summonings
 O Level 27 Necromancy
 - Level 12.0 Translocations
 - Level 0.7 Transmutations
 O Level 27 Ice Magic
 O Level 27 Earth Magic


You couldn't memorise any spells.
You knew the following spells:

 Your Spells              Type           Power      Damage    Failure   Level
a - Sandblast             Erth           100%       2d20      0%          1
b - Stone Arrow           Conj/Erth      100%       3d13      0%          3
c - Petrify               Tmut/Erth      100%       N/A       0%          4
d - Summon Horrible Thin  Summ           55%        N/A       1%          8
e - Borgnjor's Vile Clut  Necr/Erth      72%        N/A       0%          5
f - Shatter               Erth           72%        3d53*     1%          9
g - Lehudib's Crystal Sp  Conj/Erth      72%        10d16     0%          8
h - Spellforged Servitor  Conj/Summ      57%        N/A       0%          7
i - Death's Door          Necr           59%        N/A       1%          9
j - Disjunction           Tloc           43%        N/A       3%          8
k - Polar Vortex          Ice            59%        12d7*     1%          9
l - Chain Lightning       Conj/Air       45%        3d60      28%         9

Your spell library contained the following spells:

 Spells                   Type           Power      Damage    Failure   Level
 Apportation              Tloc           100%       N/A       0%          1
 Foxfire                  Conj/Fire      100%       2x1d9     0%          1
 Freeze                   Ice            100%       1d10      0%          1
 Kiss of Death            Conj/Necr      100%       2d13      0%          1
 Magic Dart               Conj           100%       1d8       0%          1
 Necrotise                Necr           100%       1d9       0%          1
 Shock                    Conj/Air       100%       1d9       0%          1
 Summon Small Mammal      Summ           100%       N/A       0%          1
 Blink                    Tloc           100%       N/A       0%          2
 Call Imp                 Summ           100%       N/A       0%          2
 Ensorcelled Hibernation  Hex/Ice        100%       N/A       0%          2
 Lesser Beckoning         Tloc           100%       N/A       0%          2
 Momentum Strike          Conj/Tloc      100%       3d10      0%          2
 Passwall                 Tmut/Erth      95%        N/A       0%          2
 Static Discharge         Conj/Air       100%       3-8/arc   0%          2
 Call Canine Familiar     Summ           100%       N/A       0%          3
 Dazzling Flash           Conj/Hex       100%       N/A       0%          3
 Frozen Ramparts          Ice            100%       1d16      0%          3
 Gell's Gravitas          Tloc           87%        N/A       0%          3
 Hailstorm                Conj/Ice       100%       3d20      0%          3
 Mephitic Cloud           Conj/Pois/Air  78%        N/A       0%          3
 Ozocubu's Armour         Ice            100%       N/A       0%          3
 Summon Guardian Golem    Hex/Summ       84%        N/A       0%          3
 Teleport Other           Tloc           87%        N/A       0%          3
 Vampiric Draining        Necr           100%       2d13      0%          3
 Anguish                  Hex/Necr       45%        N/A       0%          4
 Animate Armour           Summ/Erth      100%       N/A       0%          4
 Brom's Barrelling Bould  Conj/Erth      100%       2d11      0%          4
 Dispel Undead            Necr           100%       3d31      0%          4
 Flame Wave               Conj/Fire      91%        2d19      0%          4
 Fulminant Prism          Conj/Hex       45%        3d20      0%          4
 Iskenderun's Mystic Bla  Conj/Tloc      100%       2d19      0%          4
 Leda's Liquefaction      Hex/Erth       56%        N/A       0%          4
 Manifold Assault         Tloc           87%        N/A       0%          4
 Passage of Golubria      Tloc           87%        N/A       0%          4
 Sticky Flame             Conj/Fire      91%        2d10      0%          4
 Summon Ice Beast         Ice/Summ       100%       N/A       0%          4
 Summon Lightning Spire   Summ/Air       84%        N/A       0%          4
 Agony                    Necr           100%       N/A       0%          5
 Arcjolt                  Conj/Air       45%        1d55      0%          5
 Fireball                 Conj/Fire      45%        3d18      0%          5
 Freezing Cloud           Conj/Ice/Air   51%        6-21      0%          5
 Irradiate                Conj/Tmut      46%        3d27      0%          5
 Iskenderun's Battlesphe  Conj           100%       2d15      0%          5
 Lee's Rapid Deconstruct  Erth           72%        3d32*     0%          5
 Metabolic Englaciation   Hex/Ice        45%        N/A       0%          5
 Summon Forest            Summ/Tloc      50%        N/A       0%          5
 Bombard                  Conj/Erth      72%        9d12      0%          6
 Death Channel            Necr           59%        N/A       0%          6
 Summon Cactus Giant      Summ           55%        N/A       0%          6
 Haunt                    Necr/Summ      57%        N/A       0%          7
 Monstrous Menagerie      Summ           55%        N/A       0%          7
 Orb of Destruction       Conj           59%        9d14      0%          7
 Ozocubu's Refrigeration  Ice            59%        4d20      0%          7
 Summon Hydra             Summ           55%        N/A       0%          7
 Borgnjor's Revivificati  Necr           59%        N/A       0%          8
 Infestation              Necr           59%        N/A       0%          8
 Slow                     Hex            100%       N/A       1%          1
 Sting                    Tmut/Pois      100%       1d8       1%          1
 Jinxbite                 Hex            84%        N/A       1%          2
 Poisonous Vapours        Pois/Air       84%        N/A       1%          2
 Scorch                   Fire           84%        2d8       1%          2
 Wereblood                Tmut           47%        N/A       1%          2
 Confusing Touch          Hex            42%        N/A       1%          3
 Ignite Poison            Fire/Tmut/Pois 44%        N/A       1%          3
 Inner Flame              Hex/Fire       42%        N/A       1%          3
 Sigil of Binding         Hex            42%        N/A       1%          3
 Swiftness                Air            42%        N/A       1%          3
 Tukima's Dance           Hex            42%        N/A       1%          3
 Volatile Blastmotes      Fire/Tloc      100%       2d18      1%          3
 Airstrike                Air            21%        2d(3-19)  1%          4
 Cause Fear               Hex            21%        N/A       1%          4
 Dimensional Bullseye     Hex/Tloc       34%        N/A       1%          4
 Olgreb's Toxic Radiance  Pois           42%        N/A       1%          4
 Vhi's Electric Charge    Tloc/Air       100%       N/A       1%          4
 Alistair's Intoxication  Tmut/Pois      29%        N/A       1%          5
 Silence                  Hex/Air        21%        N/A       1%          5
 Summon Mana Viper        Hex/Summ       84%        N/A       1%          5
 Yara's Violent Unravell  Hex/Tmut       22%        3d10      1%          5
 Conjure Ball Lightning   Conj/Air       45%        3x3d16    1%          6
 Dispersal                Tloc           43%        N/A       1%          6
 Starburst                Conj/Fire      45%        6d13      1%          6
 Malign Gateway           Summ/Tloc      50%        N/A       1%          7
 Dragon's Call            Summ           55%        N/A       1%          9
 Eringya's Noxious Bog    Tmut/Pois      22%        4d6       10%         6
 Plasma Beam              Fire/Air       21%        2x1d33    11%         6
 Fire Storm               Conj/Fire      45%        8d12      28%         9
 Enfeeble                 Hex            21%        N/A       50%         7
 Discord                  Hex            21%        N/A       98%         8
 Ignition                 Fire           21%        3d8       98%         8
 Maxwell's Capacitive Co  Air            21%        ∞         98%         8
 Sublimation of Blood     Necr           Unusable   N/A       N/A         2
 Animate Dead             Necr           Unusable   N/A       N/A         4
 Simulacrum               Ice/Necr       Unusable   N/A       N/A         6

Dungeon Overview and Level Annotations

Branches:
Dungeon (15/15)            Temple (1/1) D:6            Lair (5/5) D:10
 Shoals (4/4) Lair:3        Snake (4/4) Lair:3        Slime (5/5) Lair:5
    Orc (2/2) D:9             Elf (3/3) Orc:2        Vaults (5/5) D:14
  Crypt (3/3) Vaults:3       Tomb (3/3) Crypt:3      Depths (4/4) D:15
   Hell (visited)             Dis (7/7) Hell            Geh (7/7) Hell
    Coc (7/7) Hell            Tar (7/7) Hell            Zot (5/5) Depths:4
 Bailey (visited)           IceCv (visited)          WizLab (visited)
Desolation (visited)      Gauntlet (visited)

Altars:
Ashenzari
Cheibriados
Dithmenos
Elyvilon
Fedhas
Gozag
Hepliaklqana
Kikubaaqudgha
Makhleb
Nemelex Xobeh
Okawaru
Qazlal
Ru
Sif Muna
Trog
Uskayaw
Vehumet
Wu Jian
Xom
Yredelemnul
Zin
The Shining One
Jiyva

Shops:
D:4 =   D:11 :   Orc:1 (!   Orc:2 [*=(**   Elf:2 [   Lair:2 :[   Shoals:3 *
Snake:2 =   Vaults:3 *([   Vaults:4 :=*[=   Vaults:5 [   Dis:7 !   Depths:1 =:=
Depths:2 !=*!

Portals:
Hell: Depths:1 Depths:2 Depths:3 Depths:4
Abyss: Depths:1 Depths:2 Depths:3 Depths:4
Pandemonium: Depths:2 Depths:4
Ziggurat: D:1

Annotations:
Dis:4 6 runed doors


Innate Abilities, Weirdness & Mutations

You are immune to sickness and miasma.
Your stone body is resilient. (AC +20)
You are immune to poison.
Your large and strong wings let you fly.
You resist negative energy. (rN+)
You are resistant to electric shocks. (rElec)
You are resistant to unholy torment.
You are immune to petrification.
You have a pair of small horns on your head.
You are mostly covered in iridescent scales. (AC +4)
You are agile. (Dex +4, Str/Int -1)
You possess an exceptional clarity of mind.
Your flesh is cold resistant. (rC+)
Your spells are a little easier to cast, but a little less powerful.
You expend magic power (3 MP) to strengthen your wands.


Message History

You destroy the freezing wraith!
The freezing wraith disappears in a puff of smoke!
You destroy the shadow wraith!
The shadow wraith disappears in a puff of smoke!
You kill the ynoxinul!
You kill the green death!
You destroy the wraith!
The wraith disappears in a puff of smoke!
Fuecviob is heavily wounded.
The Hell Sentinel is lightly wounded.
Ka-crash!
You destroy the shadow wraith!
The shadow wraith disappears in a puff of smoke!
Fuecviob gestures at you.
You feel haunted.
Unknown command.
Casting: Shatter (mildly dangerous; 1% risk of failure)
Confirm with . or Enter, or press ? or * to list all spells.
You feel a surge of power!
The dungeon rumbles!
You kill the Hell Sentinel!
Ka-crash!
You destroy the phantasmal warrior!
The phantasmal warrior disappears in a puff of smoke!
You kill Fuecviob!
The wraith disappears in a puff of smoke!
Unknown command.
Unknown command.
Unknown command.
The winds around you start to calm down.
A seraph, an angel and 2 cherubim come into view.
The seraph is wielding a +5 great sword of flaming.
A cherub is wielding a +1 long sword of flaming.
The angel is wielding a +1 whip of holy wrath.
A cherub is wielding a +4 flail of flaming.
You see here 29 gold pieces.
You are engulfed in whirling frost.
The angel shouts!
The cherub's human head shouts!
There is a staircase leading out of the dungeon here.
You can't go down here!
The winds around you calm down.
The seraph is distracted by your dazzling golden aura.
The cherub sings a powerful hymn!
The angels go into a battle-frenzy!
You have escaped!

#........#.......####.....
#....$..$.......... ##..##
#.........$........ #..#
##.....$......A..#.###..#
#......$$$.........#...#
##.......A$A.........###
#...⌠$..$.⌠........>..#
###.......$$.$...)...####
#.#....∩$@A∩.........#
#..........$........#
#.......>...#.......#
#..........$.#....###
###....⌠_⌠....##.#
#.[.$$.⌠......# #
#..#.....#.##.#
#####...#### .. ###


You could see a seraph (strong), an angel (strong) and 2 cherubim.

Vanquished Creatures
  Cerebov (Pan)
  Antaeus (Coc:7)
  Asmodeus (Geh:7)
  the Royal Jelly (Slime:5)
  Ereshkigal (Tar:7)
  Ignacio (Pan)
  Gloorx Vloq (Pan)
  Mnoleg (Pan)
  A seraph (Pan)
  Lom Lobon (Pan)
  43 pandemonium lords
  25 ancient liches
  6 orbs of fire
  29 dread liches
  5 juggernauts
  61 royal mummies
  21 shard shrikes
  Boris (thrice) (Vaults:5 Tomb:1 D:15)
  Margery (Depths:4)
  Bai Suzhen (Snake:4)
  15 Killer Klowns
  53 caustic shrikes
  Geryon (Hell)
  Vashnia (Snake:4)
  5 curse toes
  21 golden dragons
  the Enchantress (Depths:2)
  16 profane servitors
  Nikola (Vaults:1)
  40 bone dragons
  14 Brimstone Fiends
  2 pearl dragons (Pan)
  35 hellephants
  34 Tzitzimimeh
  11 electric golems
  19 doom hounds
  27 iron giants
  33 tainted leviathans
  54 Hell Sentinels
  34 tentacled monstrosities
  13 liches
  2 walking crystal tomes
  A spectral shard shrike (Tar:4)
  25 Orb Guardians
  A walking earthen tome (Depths:3)
  8 deep elf blademasters
  24 Ice Fiends
  Asterion (Vaults:1)
  22 searing wretches
  Grunn (Zot:1)
  7 quicksilver dragons
  5 deep elf master archers
  41 titans
  Polyphemus (Shoals:2)
  Gastronok (Lair:1)
  A kraken (Shoals:3)
  38 Executioners
  4 walking frostbound tomes
  A walking divine tome (Depths:2)
  23 acid blobs
  55 ancient champions
  16 sphinxes
  9 death cobs
  2 eldritch tentacles (Pan)
  12 tentacled starspawn
  2 thorn hunters (Zig:24)
  6 shadow dragons
  Donald (Snake:2)
  36 storm dragons
  6 tengu reavers
  9 demonspawn warmongers
  10 draconian monks
  14 revenants
  12 draconian knights
  41 nagarajas
  14 daevas
  15 rockslimes
  16 fenstrider witches
  8 narguns
  29 quicksilver elementals
  23 vault wardens
  18 azure jellies
  11 iron dragons
  20 fire giants
  47 balrugs
  9 deep elf sorcerers
  8 emperor scorpions
  4 shard shrike simulacra
  2 imperial myrmidons (Desolation)
  5 deep elf elementalists (Elf:3)
  22 frost giants
  38 cacodemons
  5 draconian scorchers
  5 spectral caustic shrikes
  Louise (Snake:4)
  7 caustic shrike zombies
  13 curse skulls
  10 draconian annihilators
  4 juggernaut zombies
  33 very ugly things
  38 ghost moths
  7 draconian stormcallers
  8 draconian shifters
  14 orc warlords
  33 angels
  20 ironbound preservers
  17 ghouls
  5 broodmothers
  12 quicksilver oozes
  3 spriggan defenders (Depths:2)
  3 spectral juggernauts
  11 demonspawn corrupters
  37 reapers
  A broodmother (shapeshifter) (Zig:19)
  3 juggernaut skeletons (Zig:20)
  13 formless jellyfish
  16 ophanim
  22 demonspawn blood saints
  5 caustic shrike skeletons
  12 black draconians
  25 apis (Pan)
  14 green draconians
  35 war gargoyles
  28 stone giants
  20 elemental wellsprings
  15 eleionomae
  18 deep elf demonologists
  A rockslime zombie (Crypt:3)
  23 vampire knights
  6 ironbound thunderhulks
  15 dire elephants
  12 deep elf annihilators
  Azrael (D:14)
  25 demonspawn black suns
  17 white draconians
  9 halazid warlocks
  14 lorocyprocas
  47 putrid mouths
  24 bennus
  22 purple draconians
  35 starcursed masses
  A minotaur (Gauntlet)
  8 yellow draconians
  17 spark wasps
  15 red draconians
  6 bunyips
  22 wendigos
  49 iron golems
  7 crystal guardians
  21 green deaths
  4 spectral titans
  24 ettins
  13 deep elf death magi
  2 spectral golden dragons
  28 eidola
  10 merfolk javelineers (Shoals:4)
  Josephine (D:10)
  7 fire dragons
  14 jiangshi
  3 shambling mangroves
  15 entropy weavers
  22 blizzard demons
  14 merfolk impalers
  A spectral quicksilver dragon (WizLab)
  50 mummy priests
  3 quicksilver dragon zombies
  29 vault guards
  8 deep elf high priests
  50 salamander tyrants
  18 yaktaur captains
  The ghost of Bag Taf the Jinx, a journeyman SpEn of Ashenzari (Lair:4)
  17 great orbs of eyes
  7 rakshasas
  8 ironbound frosthearts
  2 spectral iron giants
  11 ice dragons
  13 caustic shrike simulacra
  9 spriggan air magi
  10 juggernaut simulacra
  11 peacekeepers
  8 servants of whispers (Desolation)
  7 catoblepae
  A quicksilver dragon skeleton (Tomb:1)
  10 ragged hierophants (Desolation)
  2 ghost crabs (Zig:14)
  5 jorogumos
  11 hell beasts
  22 anacondas
  14 hydras
  5 ogre magi
  4 stokers
  3 alligator snapping turtles
  7 merfolk aquamancers
  A spectral stone giant (Tar:1)
  16 centaur warriors
  A death knight (Crypt:3)
  61 death scarabs
  6 radroaches
  2 bennu zombies (Crypt:2)
  7 alligators
  2 merfolk avatars
  18 two-headed ogres
  11 boulder beetles
  3 sphinx skeletons
  8 tengu warriors
  3 deep troll shamans
  59 dancing weapons
  23 naga sharpshooters
  21 naga warriors
  8 deep troll earth magi
  27 death yaks
  A satyr (Abyss:3)
  A titan zombie (WizLab)
  A two-headed ogre (shapeshifter) (Zig:19)
  16 vampire magi
  A spectral storm dragon (Zig:22)
  14 thrashing horrors
  13 orc high priests
  32 hell hogs
  A shock serpent (shapeshifter) (Zig:25)
  25 demonic crawlers
  2 occultists
  6 spriggan berserkers
  33 shock serpents
  44 soul eaters
  A titan skeleton (Pan)
  2 storm dragon zombies (Zig:20)
  46 sun demons
  22 deep elf knights
  Nergalle (D:10)
  26 crystal echidnas
  23 hell knights
  Sonja (D:10)
  A fire crab (Gauntlet)
  4 golden dragon zombies
  Lodul (D:10)
  10 pharaoh ants
  2 fire crabs (shapeshifter)
  15 wretched stars
  41 shadow wraiths
  9 skysharks
  9 iron trolls
  42 sixfirhies
  11 salamander mystics
  23 skeletal warriors
  4 storm dragon skeletons
  A sun moth (Zig:13)
  A bunyip zombie (Tomb:3)
  6 spatial maelstroms
  37 deep trolls
  A spectral spark wasp (Depths:4)
  18 flayed ghosts
  13 sea snakes
  6 swamp dragons
  19 shadow demons
  7 goliath frogs
  An anaconda zombie (Crypt:3)
  4 tengu zombies
  4 quicksilver dragon simulacra
  5 glowing orange brains
  17 cherubim
  2 death drakes (shapeshifter)
  14 deep elf archers
  A spectral iron dragon (Zig:22)
  A bunyip skeleton (Pan)
  8 orb spiders
  21 naga ritualists
  4 spriggan druids
  4 orange crystal statues
  8 spriggan simulacra
  4 obsidian statues
  13 arcanists
  3 bog bodies
  24 phantasmal warriors
  39 ugly things
  14 necromancers
  23 ironbound convokers
  11 lindwurms
  22 mana vipers
  2 shadow dragon zombies
  3 golden dragon skeletons
  34 deep elf pyromancers
  13 harpies
  18 orc knights
  A spectral wolf spider (WizLab)
  11 steelbarb worms
  35 deep elf zephyrmancers
  7 wolf spiders
  A mana viper (shapeshifter) (Elf:2)
  3 oklob plants
  6 cyclopes
  A stone giant zombie (Hell)
  17 orc sorcerers
  9 shining eyes
  2 wolf spider zombies (WizLab)
  5 shadow dragon skeletons
  4 spectral spriggans
  2 fire giant zombies (Hell)
  4 frost giant zombies
  20 salamanders
  An iron dragon zombie (Hell)
  4 fauns
  A spectral ettin (Tar:3)
  5 will-o-the-wisps
  17 elephants
  17 manticores
  A tengu skeleton (Zig:20)
  A moth of wrath (shapeshifter) (Zig:26)
  36 moths of wrath
  Maurice (D:9)
  7 rust devils
  78 large abominations
  2 worldbinders
  7 merfolk sirens
  24 vault sentinels
  8 ice statues
  A spectral centaur (Tar:1)
  11 kobold blastminers
  11 water nymphs
  A fire giant skeleton (Crypt:1)
  A black mamba (shapeshifter) (Zig:26)
  63 black mambas
  5 eyes of devastation
  5 iron dragon skeletons
  29 guardian serpents
  29 naga magi
  51 smoke demons
  11 apocalypse crabs
  2 centaur zombies
  9 molten gargoyles
  A minotaur zombie (Crypt:3)
  14 torpor snails
  A storm dragon simulacrum (Zig:20)
  6 titan simulacra
  6 gargoyles
  37 orange demons
  3 dire elephant skeletons
  17 cane toads
  7 unseen horrors
  5 centaur skeletons
  2 bunyip simulacra
  A kobold demonologist (D:11)
  12 komodo dragons
  9 rime drakes
  23 yaktaurs
  51 hellions
  3 spectral harpies
  A yaktaur (shapeshifter) (Zig:26)
  6 tengu conjurers
  5 efreet
  An iron troll zombie (Crypt:2)
  10 ice devils
  47 tormentors
  4 spectral nagas
  5 anaconda simulacra
  8 ancient zymes
  A rime drake (shapeshifter) (Zig:7)
  A purple draconian skeleton (Crypt:3)
  18 freezing wraiths
  An alligator snapping turtle skeleton (Pan)
  A golden dragon simulacrum (Coc:7)
  90 guardian mummies
  4 iron giant simulacra
  6 red devils
  21 merfolk
  A queen bee (Lair:4)
  22 trolls
  3 silent spectres
  7 bloated husks
  29 hellwings
  4 harpy zombies
  2 tengu simulacra
  2 tyrant leeches
  12 tarantellas
  A tarantella (shapeshifter) (Vaults:5)
  A wind drake (shapeshifter) (Zig:26)
  12 hornets
  72 saltlings (Desolation)
  2 hornets (shapeshifter) (Zig:26)
  17 raiju
  3 harpy skeletons (Pan)
  18 blink frogs
  7 wind drakes
  13 dream sheep
  A fire dragon zombie (Crypt:2)
  A human simulacrum (Abyss:3)
  An ettin zombie (Tomb:2)
  9 glass eyes
  19 snapping turtles
  3 spriggan zombies (Hell)
  3 stone giant simulacra
  4 jumping spiders
  2 ettin skeletons (Pan)
  104 slime creatures
  8 spriggans
  12 air elementals (Zig:21)
  41 flying skulls
  2 shadows (D:9)
  73 yaks
  34 ynoxinuls
  A fire dragon skeleton (Pan)
  5 culicivoras
  4 naga simulacra
  40 ushabtiu
  5 vampires
  23 water elementals
  A yak (shapeshifter) (Elf:2)
  4 wyverns
  12 wraiths
  6 fire bats
  3 fire elementals
  8 dire elephant simulacra
  3 basilisks
  A wyvern (shapeshifter) (Zig:26)
  25 golden eyes
  13 humans
  40 neqoxecs
  2 alligator snapping turtle simulacra
  13 redbacks
  A steam dragon (D:9)
  4 vampire mosquitoes
  Menkaure (D:6)
  18 harpy simulacra
  A warg (shapeshifter) (Depths:2)
  30 chaos spawn
  47 nagas
  5 acid dragons
  23 wargs
  A glowing shapeshifter zombie (Zig:20)
  4 hydra simulacra
  14 hell hounds
  10 water moccasins
  A naga skeleton (Pan)
  A glowing shapeshifter skeleton (Zig:20)
  Duvessa (D:5)
  3 ice beasts
  92 orc warriors
  5 ettin simulacra
  5 black bears
  12 small abominations
  16 wolves
  5 boggarts (Vaults:3)
  A sky beast (D:8)
  A fire dragon simulacrum (Coc:1)
  49 ogres
  28 centaurs
  A lindwurm skeleton (Crypt:1)
  A phantom (D:6)
  3 kobold brigands (D:9)
  A yaktaur zombie (Crypt:3)
  A cyclops zombie (Crypt:2)
  3 gnoll sergeants
  10 bullfrogs
  9 earth elementals
  4 necrophages
  5 scorpions
  8 wights (D:7)
  Dowan (D:5)
  17 killer bees
  4 spriggan skeletons
  6 electric eels
  A howler monkey (D:9)
  A howler monkey (shapeshifter) (Depths:3)
  2 crimson imps (Gauntlet)
  A hound (D:5)
  3 quasits
  A hound (shapeshifter) (Zig:7)
  2 jellies
  3 human zombies (Crypt:1)
  14 orc priests
  2 iguanas (D:4)
  A sleepcap (D:4)
  2 gnoll boudas (D:5)
  3 human skeletons (Crypt:1)
  31 orc wizards
  A boggart zombie (Crypt:1)
  15 hell rats
  A centaur simulacrum (D:9)
  A boggart simulacrum (D:15)
  136 mummies
  A howler monkey skeleton (Crypt:1)
  3 adders
  24 gnolls
  4 shadow imps
  7 white imps
  8 ufetubi
  An adder zombie (Crypt:3)
  2 worms (shapeshifter)
  A worm (D:2)
  A dart slug (shapeshifter) (Zig:25)
  2 dart slugs (D:4)
  109 orcs
  2 orcs (shapeshifter)
  4 ball pythons
  An endoplasm (D:4)
  4 giant cockroaches
  A goblin (shapeshifter) (Zig:25)
  10 goblins
  5 hobgoblins
  5 quokkas
  A quokka (shapeshifter) (Depths:3)
  2 ball pythons (shapeshifter)
  A ball python skeleton (Crypt:2)
  11 bats
  A dart slug zombie (Crypt:3)
  4 frilled lizards
  A giant cockroach zombie (Crypt:1)
  A hobgoblin zombie (Crypt:1)
  8 kobolds
  5 rats
  3 creeping infernos
  5 fire vortices
  2 lurking horrors
  4 starspawn tentacles
6630 creatures vanquished.

Vanquished Creatures (collateral kills)
  Tiamat (Zot:1)
  Dispater (Dis:7)
  2 orbs of fire
  A juggernaut (Dis:7)
  The ghost of Wuppom the Warrior, a veteran GrFi of the Shining One (Crypt:1)
  A pandemonium lord (Zig:2)
  An iron giant (Dis:7)
  3 Hell Sentinels
  2 Orb Guardians
  A sphinx (Vaults:2)
  6 ancient champions
  2 shadow dragons
  4 quicksilver elementals (Dis:7)
  2 vault wardens (Vaults:3)
  An iron dragon (Dis:1)
  2 ironbound preservers
  An ironbound thunderhulk (Vaults:1)
  A lorocyproca (D:1)
  A black draconian (Zot:5)
  3 dire elephants (Vaults:1)
  4 iron golems
  A great orb of eyes (Vaults:2)
  A yaktaur captain (Vaults:3)
  An ogre mage (Vaults:2)
  An ironbound frostheart (Vaults:3)
  A boulder beetle (Vaults:2)
  4 dancing weapons (Dis:7)
  A titan skeleton (Crypt:3)
  A crystal echidna (Dis:7)
  3 deep trolls
  An ironbound convoker (Vaults:3)
  A moth of wrath (Zot:5)
  A nameless horror (Dis:7)
  A yaktaur (Vaults:2)
  2 saltlings (Desolation)
  9 slime creatures
  A neqoxec (D:1)
  A mummy (Tomb:3)
72 creatures vanquished.

Vanquished Creatures (others)
  3 pandemonium lords
  A thorn hunter (Zig:10)
  A nagaraja (Zig:27)
  A frost giant (Coc:2)
  2 shard shrike simulacra
  A green death (Pan)
  A juggernaut simulacrum (Coc:3)
  4 caustic shrike simulacra
  A wretched star (Zig:18)
  A swamp dragon (Zig:14)
  2 quicksilver dragon simulacra
  2 moths of wrath
  An anaconda simulacrum (Coc:2)
  A bunyip simulacrum (Coc:2)
  A wind drake (shapeshifter) (Zig:26)
  2 hornets (Zig:16)
  A blink frog (Lair:1)
  A hornet (shapeshifter) (Zig:26)
  An iron dragon simulacrum (Coc:3)
  A chaos spawn (Zig:26)
  A harpy simulacrum (Coc:3)
  A mummy (Tomb:1)
  6 ball lightnings (Pan)
  8 foxfires
  8 starspawn tentacles
53 creatures vanquished.

Grand Total: 6755 creatures vanquished

Notes
Turn   | Place    | Note
-------+----------+-------------------------------------------
     0 | D:1      | zdzicho121 the Gargoyle Earth Elementalist began the quest
                  | for the Orb.
     0 | D:1      | Reached XP level 1. HP: 10/10 MP: 3/3
   128 | D:1      | Reached XP level 2. HP: 14/15 MP: 1/5
   703 | D:2      | Reached XP level 3. HP: 19/19 MP: 1/6
  1717 | D:3      | You are sucked into a shaft and drop 1 floor!
  1744 | D:4      | Found Soon's Jewellery Emporium.
  1749 | D:4      | Reached skill level 5 in Earth Magic
  1799 | D:4      | Reached XP level 4. HP: 11/24 MP: 3/8
  2222 | D:3      | Reached XP level 5. HP: 28/28 MP: 5/10
  2575 | D:3      | Learned a level 3 spell: Stone Arrow
  3014 | D:4      | Found a shadowy altar of Dithmenos.
  3116 | D:4      | Found a snail-covered altar of Cheibriados.
  3341 | D:5      | Entered Level 5 of the Dungeon
  3380 | D:5      | Reached XP level 6. HP: 13/32 MP: 5/12
  3500 | D:5      | Noticed a black bear
  3661 | D:5      | Found a stormy altar of Qazlal.
  3697 | D:5      | Noticed Dowan
  3698 | D:5      | Noticed Duvessa
  3712 | D:4      | Killed a black bear
  3800 | D:4      | Reached XP level 7. HP: 15/36 MP: 11/14
  3946 | D:5      | Killed Duvessa
  3947 | D:5      | Reached skill level 5 in Spellcasting
  3951 | D:5      | Killed Dowan
  3988 | D:5      | Identified the +0 chain mail of Vacvitz {rElec}
  4409 | D:6      | Reached XP level 8. HP: 41/41 MP: 14/17
  4673 | D:6      | Noticed Menkaure
  4677 | D:6      | Killed Menkaure
  4739 | D:5      | Reached skill level 10 in Earth Magic
  4739 | D:5      | Reached XP level 9. HP: 11/45 MP: 2/20
  5114 | D:6      | Found a staircase to the Ecumenical Temple.
  5123 | Temple   | Entered the Ecumenical Temple
  5373 | D:7      | Noticed a two-headed ogre
  5378 | D:7      | Killed a two-headed ogre
  5528 | D:7      | Found a flagged portal.
  5541 | D:7      | Identified a scroll of acquirement
  5546 | D:7      | Acquired 887 gold pieces
  5554 | Bailey   | Entered a bailey
  5801 | Bailey   | Reached XP level 10. HP: 50/50 MP: 12/23
  5852 | Bailey   | Learned a level 4 spell: Petrify
  5857 | Bailey   | Learned a level 4 spell: Leda's Liquefaction
  6264 | Bailey   | Reached skill level 10 in Spellcasting
  6399 | Bailey   | Learned a level 5 spell: Borgnjor's Vile Clutch
  6900 | D:7      | Found an ancient bone altar of Kikubaaqudgha.
  6929 | D:7      | Found a hide-covered altar of Uskayaw.
  7559 | D:7      | Found a shimmering altar of Xom.
  7561 | D:7      | Found a sacrificial altar of Ru.
  8005 | D:7      | Reached XP level 11. HP: 48/54 MP: 16/26
  8440 | D:9      | Noticed Maurice
  8448 | D:9      | Killed Maurice
  8475 | D:9      | Found an opulent altar of Gozag.
  8482 | D:9      | Became a worshipper of Gozag Ym Sagoz the Greedy
  8815 | D:9      | Noticed a manticore
  8819 | D:9      | Killed a manticore
  8876 | D:9      | Noticed a two-headed ogre
  8891 | D:9      | Killed a two-headed ogre
  8928 | D:9      | Noticed a tengu warrior
  8935 | D:9      | Killed a tengu warrior
  8936 | D:9      | Reached skill level 15 in Earth Magic
  9050 | D:9      | Noticed a green ugly thing
  9067 | D:9      | Killed a green ugly thing
  9238 | D:9      | Noticed a five-headed hydra
  9244 | D:9      | Killed a five-headed hydra
  9451 | D:9      | Noticed a manticore
  9457 | D:9      | Killed a manticore
  9458 | D:9      | Reached XP level 12. HP: 51/59 MP: 19/28
  9620 | D:9      | Found a staircase to the Orcish Mines.
  9811 | D:10     | Entered Level 10 of the Dungeon
  9822 | D:10     | Noticed Josephine
  9884 | D:10     | Killed Josephine
 10033 | D:10     | Noticed a boulder beetle
 10040 | D:10     | Killed a boulder beetle
 10097 | D:10     | Noticed Sonja
 10105 | D:10     | Killed Sonja
 10152 | D:10     | Noticed Nergalle
 10157 | D:10     | Killed Nergalle
 10451 | D:10     | Noticed Lodul
 10458 | D:10     | Killed Lodul
 10826 | D:10     | Found a staircase to the Lair.
 10864 | Lair:1   | Entered Level 1 of the Lair of Beasts
 10864 | Lair:1   | Noticed Gastronok
 11289 | Lair:1   | Killed Gastronok
 11721 | Lair:1   | Reached XP level 13. HP: 63/63 MP: 25/31
 12156 | Lair:1   | You are sucked into a shaft and drop 1 floor!
 13060 | Lair:2   | Reached skill level 15 in Spellcasting
 13688 | Lair:2   | Bought a book of Annihilations for 1080 gold pieces
 13699 | Lair:2   | Learned a level 9 spell: Shatter
 13702 | Lair:2   | Bought a +0 cloak of willpower for 138 gold pieces
 14361 | Lair:3   | Found a staircase to the Snake Pit.
 15203 | Lair:3   | Found a staircase to the Shoals.
 15320 | Lair:4   | Gained mutation: Your large and strong wings let you fly.
                  | [Gargoyle growth]
 15320 | Lair:4   | Reached XP level 14. HP: 68/68 MP: 21/33
 16051 | Lair:4   | Noticed Bag Taf's ghost (journeyman SpEn)
 16053 | Lair:4   | Found a transporter.
 16070 | Lair:4   | Found a transporter.
 16373 | Lair:5   | Entered Level 5 of the Lair of Beasts
 17862 | Lair:5   | Found a viscous altar of Jiyva.
 17863 | Lair:5   | Found a staircase to the Slime Pits.
 19303 | Lair:5   | Reached XP level 15. HP: 72/72 MP: 19/36
 19627 | Orc:1    | Entered Level 1 of the Orcish Mines
 19769 | Orc:1    | Found Qonajih's Distillery.
 19777 | Orc:1    | Bought a potion of magic for 104 gold pieces
 20164 | Orc:1    | Found Nolecicaa's Firing Range.
 20282 | Orc:2    | Entered Level 2 of the Orcish Mines
 21137 | Orc:2    | Noticed an orc warlord
 21161 | Orc:2    | Killed an orc warlord
 21492 | Orc:2    | Found Meetiqie's General Store.
 21497 | Orc:2    | Found Icuesun's Antique Armour Shoppe.
 21624 | Orc:2    | Found a staircase to the Elven Halls.
 21651 | Orc:2    | Found Wiomparo's Antique Weapon Shoppe.
 21700 | Orc:2    | Found Zecwaog's Jewellery Shoppe.
 21738 | Orc:2    | Bought a potion of brilliance for 64 gold pieces
 22059 | Orc:2    | Bought a runed helmet for 255 gold pieces
 22059 | Orc:2    | Bought a runed pearl ring for 170 gold pieces
 22059 | Orc:2    | Bought a shiny helmet for 255 gold pieces
 22122 | Elf:1    | Entered Level 1 of the Elven Halls
 22199 | Elf:1    | Found a frozen archway.
 22214 | IceCv    | Entered an ice cave
 22223 | IceCv    | Found a transporter.
 22226 | IceCv    | Found a transporter.
 22733 | Elf:1    | Identified the +1 scimitar of Flawed Execution {flame,
                  | +Blink Will+ Dex+4 SInv}
 23657 | Elf:1    | Noticed a deep elf sorcerer
 23664 | Elf:1    | Killed a deep elf sorcerer
 23665 | Elf:1    | Reached XP level 16. HP: 52/76 MP: 24/38
 23671 | Elf:1    | Got the Folio of Hurting
 24392 | Elf:2    | Found a runed translucent gate.
 24392 | Elf:2    | Found a runed translucent gate.
 24392 | Elf:2    | Found a runed translucent gate.
 24621 | Elf:2    | Found Yruyqa's Armour Boutique.
 26154 | Elf:2    | Noticed a deep elf blademaster
 26162 | Elf:2    | Killed a deep elf blademaster
 26710 | Elf:3    | Entered Level 3 of the Elven Halls
 26935 | Elf:3    | Found a transporter.
 27231 | Elf:3    | Found a transporter.
 27298 | Elf:3    | Found a transporter.
 27549 | D:4      | Bought the ring of the Prince {*Slow rC+ Int+5} for 369
                  | gold pieces
 27884 | Elf:3    | Found a transporter.
 27933 | Elf:3    | Found a transporter.
 27967 | Elf:3    | Found a transporter.
 28033 | Elf:3    | Noticed a deep elf blademaster
 28036 | Elf:3    | Killed a deep elf blademaster
 28038 | Elf:3    | Noticed a deep elf blademaster
 28135 | Elf:3    | Killed a deep elf blademaster
 28136 | Elf:3    | Reached XP level 17. HP: 80/80 MP: 9/41
 28199 | Elf:3    | Noticed a deep elf master archer
 28201 | Elf:3    | Killed a deep elf master archer
 28258 | Elf:3    | Noticed a deep elf master archer
 28260 | Elf:3    | Killed a deep elf master archer
 28597 | Elf:3    | Identified the +10 quarterstaff of Damp Expedience {heavy,
                  | Contam rC- rCorr Stlth+}
 28694 | Elf:3    | Identified the +5 short sword of Laceration {flame,
                  | *Corrode Str+3 Int+3}
 28847 | Elf:3    | Identified the +6 battleaxe of the Realm of Zot {drain,
                  | rElec rN++ Dex-2 Stlth+} (You took it off a deep elf
                  | demonologist on level 3 of the Elven Halls)
 28883 | Elf:3    | Identified the ring of Ephemeral Luck {rElec MP+9}
 29343 | Elf:3    | Found the sphere of Battle
 29352 | Elf:3    | Identified the staff "Sulleaff" {rElec rPois rC+ rCorr Air}
 29427 | Elf:3    | Identified the +6 quarterstaff of the Tired Spreadsheets
                  | {freeze, Dex+5}
 29435 | Elf:3    | Identified the +8 dagger of Res Ipsa Loquitur {antimagic,
                  | *Noise rC+ rCorr}
 29438 | Elf:3    | Identified the +7 hand cannon "Bedazufah" {speed, Int+3
                  | SInv Stlth-}
 29853 | Snake:1  | Entered Level 1 of the Snake Pit
 30682 | Snake:1  | Found a radiant altar of Vehumet.
 30686 | Snake:1  | Found a transporter.
 31114 | Snake:1  | Found a transporter.
 31180 | Snake:2  | Noticed Donald
 31182 | Snake:2  | Killed Donald
 31410 | Snake:2  | Reached XP level 18. HP: 85/85 MP: 26/43
 31496 | Snake:2  | Found Irudowilo's Jewellery Shoppe.
 31611 | Snake:2  | Found a runed translucent door.
 32982 | Snake:3  | Found a basalt altar of Yredelemnul.
 33194 | Snake:4  | Entered Level 4 of the Snake Pit
 33206 | Snake:4  | Noticed Louise
 33210 | Snake:4  | Killed Louise
 33351 | Snake:4  | Found a flickering gateway to a bazaar.
 33359 | Bazaar   | Entered a bazaar
 33359 | Bazaar   | Found Xaufuz's Assorted Antiques.
 33359 | Bazaar   | Found Sakh's Antique Weapon Shop.
 33359 | Bazaar   | Found Caedusch's Assorted Antiques.
 33372 | Bazaar   | Bought a potion of curing for 69 gold pieces
 33372 | Bazaar   | Bought a scroll of teleportation for 69 gold pieces
 33372 | Bazaar   | Bought a scroll of teleportation for 69 gold pieces
 33372 | Bazaar   | Bought a potion of curing for 69 gold pieces
 33372 | Bazaar   | Bought a scroll labelled QYRINI UDIMUXZA for 23 gold pieces
 33415 | Snake:4  | Noticed Bai Suzhen
 33929 | Snake:4  | Killed Bai Suzhen
 34214 | Snake:4  | Reached XP level 19. HP: 89/89 MP: 39/45
 34403 | Snake:4  | Reached skill level 27 in Earth Magic
 34789 | Snake:4  | Got a serpentine rune of Zot
 34837 | Snake:4  | Noticed Vashnia
 34840 | Snake:4  | Killed Vashnia
 35080 | Shoals:1 | Entered Level 1 of the Shoals
 36476 | Shoals:2 | Noticed Polyphemus
 36583 | Shoals:2 | Killed Polyphemus
 37422 | Shoals:2 | Found a bloodstained altar of Trog.
 37881 | Shoals:3 | Found Ucoo's Assorted Antiques.
 37892 | Shoals:3 | Bought a potion of heal wounds for 220 gold pieces
 37892 | Shoals:3 | Bought a scroll of revelation for 330 gold pieces
 37892 | Shoals:3 | Bought a potion of brilliance for 176 gold pieces
 38311 | Shoals:4 | Entered Level 4 of the Shoals
 38445 | Shoals:4 | Reached XP level 20. HP: 90/94 MP: 30/48
 39079 | Shoals:4 | Found a glowing golden altar of the Shining One.
 39396 | Shoals:4 | Found a white marble altar of Elyvilon.
 39511 | Shoals:4 | Found a glowing silver altar of Zin.
 39524 | Shoals:4 | Got a barnacled rune of Zot
 39754 | D:11     | Found Ameuloij's Book Shoppe.
 39762 | D:11     | Bought a manual of Shields for 1280 gold pieces
 41861 | D:13     | Found a runed translucent door.
 42430 | D:14     | Found a bloodstained altar of Trog.
 42707 | D:14     | Found a gate to the Vaults.
 42863 | D:14     | Noticed Azrael
 42868 | D:14     | Killed Azrael
 43434 | D:15     | Entered Level 15 of the Dungeon
 43516 | D:15     | Found a gate leading to a gauntlet.
 43525 | Gauntlet | Entered a Gauntlet
 43525 | Gauntlet | Found a transporter.
 43645 | Gauntlet | Found a transporter.
 43647 | Gauntlet | Found a transporter.
 43750 | Gauntlet | Found a transporter.
 43752 | Gauntlet | Found a transporter.
 43757 | Gauntlet | Found a runed translucent door.
 43760 | Gauntlet | Found a runed translucent door.
 43851 | Gauntlet | Found a transporter.
 43852 | Gauntlet | Found a transporter.
 43852 | Gauntlet | Found a transporter.
 43929 | Gauntlet | Found a transporter.
 43931 | Gauntlet | Found a runed translucent gate.
 43931 | Gauntlet | Found a runed translucent gate.
 43931 | Gauntlet | Found a runed translucent gate.
 43933 | Gauntlet | Found a transporter.
 43933 | Gauntlet | Found a transporter.
 43982 | Gauntlet | Found a transporter.
 44011 | Gauntlet | Found a runed translucent door.
 44014 | Gauntlet | Found a transporter.
 44016 | Gauntlet | Found a transporter.
 44153 | Gauntlet | Identified the +2 pair of gloves of Siqaps {rN+}
 44183 | Gauntlet | Identified the +0 pair of gloves of Nuam {rPois rC+}
 44212 | Gauntlet | Identified the +2 leather armour "Ywiwach" {Str+4 Int+3
                  | Stlth+}
 44522 | Gauntlet | Identified the +11 quarterstaff of Xom's Pride {drain,
                  | +Blink Int+2}
 44533 | Gauntlet | Identified the +5 scale mail "Boirougi" {rC+ Int-5 Slay+2
                  | Stlth+}
 44872 | D:15     | Found a staircase to the Depths.
 44964 | D:15     | Identified the +0 ring mail "Zoguut" {Int+4}
 45422 | Depths:1 | Entered Level 1 of the Depths
 45548 | Depths:1 | Reached XP level 21. HP: 97/98 MP: 12/51
 45885 | Depths:1 | Reached skill level 1 in Conjurations
 45904 | Depths:1 | Reached skill level 1 in Summonings
 46002 | Depths:1 | Identified the +7 scale mail of Tenacity {Dex+3 SInv}
 46177 | Depths:1 | Found Niedegg's Jewellery Emporium.
 46178 | Depths:1 | Found Visagged's Book Boutique.
 46179 | Depths:1 | Found Ranuotis's Jewellery Emporium.
 46212 | Depths:1 | Found a one-way gate to the infinite horrors of the Abyss.
 46392 | Depths:1 | Found a shimmering blue altar of Sif Muna.
 46409 | Depths:1 | Found a gateway to Hell.
 46793 | Depths:2 | Found a magical portal.
 46800 | WizLab   | Entered Borgnjor's Mausoleum
 46990 | WizLab   | Reached skill level 5 in Conjurations
 47006 | WizLab   | Reached skill level 5 in Summonings
 47310 | WizLab   | Identified the amulet "Suiloi" {RegenMP rElec Dex+5}
 47341 | WizLab   | Learned a level 8 spell: Lehudib's Crystal Spear
 47349 | WizLab   | Learned a level 7 spell: Spellforged Servitor
 47565 | Depths:2 | Noticed the Enchantress
 47569 | Depths:2 | Killed the Enchantress
 48195 | Depths:2 | Found a one-way gate leading to the halls of Pandemonium.
 48728 | Depths:2 | Reached XP level 22. HP: 92/103 MP: 27/52
 48978 | Depths:2 | Found a one-way gateway to a ziggurat.
 49687 | Depths:3 | Reached skill level 10 in Summonings
 49986 | Depths:3 | Noticed a juggernaut
 49987 | Depths:3 | Noticed a caustic shrike
 49988 | Depths:3 | Killed a juggernaut
 50061 | Depths:3 | Killed a caustic shrike
 50215 | Depths:3 | Noticed a golden dragon
 50218 | Depths:3 | Killed a golden dragon
 50435 | Depths:3 | Identified the +2 mace "Gios" {heavy, rCorr SInv}
 50744 | Depths:3 | Found a portal to a secret trove of treasure.
 50769 | Depths:3 | You paid a toll of 3 potions of resistance to enter a
                  | treasure trove
 50770 | Trove    | Entered a treasure trove
 50779 | Trove    | Identified the ring of Iczuu {Wiz Will+ Int+4 Dex-2}
 50783 | Trove    | Identified the ring "Viomos" {Drain +Blink Fly rF+}
 50786 | Trove    | Identified the ring "Byloxt" {rF+ Str+6 Int+3}
 50792 | Trove    | Identified the ring "Hystasus" {EV+5 Str+5}
 50794 | Trove    | Identified the ring of Caesam {Str+2 Dex+6}
 50797 | Trove    | Identified the ring "Etozunot" {rElec Will+ MP+9 Int-3
                  | Dex+4}
 50799 | Trove    | Identified the amulet "Woptaet" {Reflect rC+ Int+3 Dex+3
                  | SH+5}
 50878 | Depths:3 | Reached skill level 1 in Ice Magic
 51227 | Depths:4 | Entered Level 4 of the Depths
 51377 | Depths:4 | Reached skill level 5 in Ice Magic
 51824 | Depths:4 | Noticed a caustic shrike
 51825 | Depths:4 | Noticed a caustic shrike
 51827 | Depths:4 | Killed a caustic shrike
 51827 | Depths:4 | Noticed a caustic shrike
 51827 | Depths:4 | Noticed a caustic shrike
 51828 | Depths:4 | Noticed a caustic shrike
 51829 | Depths:4 | Killed a caustic shrike
 52019 | Depths:3 | Killed a caustic shrike
 52020 | Depths:3 | Reached skill level 10 in Ice Magic
 52449 | Depths:4 | Killed a caustic shrike
 52966 | Depths:4 | Killed a caustic shrike
 53285 | Depths:4 | Noticed Margery
 53287 | Depths:4 | Killed Margery
 53288 | Depths:4 | Reached XP level 23. HP: 103/107 MP: 18/53
 53630 | Depths:4 | Found a gate to the Realm of Zot.
 55091 | Slime:1  | Entered Level 1 of the Pits of Slime
 55093 | Slime:1  | Gained mutation: You sometimes lose your temper in combat.
                  | [a shining eye]
 57059 | Slime:3  | Reached skill level 15 in Ice Magic
 57665 | Slime:5  | Entered Level 5 of the Pits of Slime
 58001 | Slime:5  | Noticed the Royal Jelly
 58010 | Slime:5  | Killed the Royal Jelly
 60148 | Slime:3  | Reached XP level 24. HP: 104/112 MP: 27/53
 61814 | Slime:5  | Found the +3 Mad Mage's Maulers {Infuse+∞ VampMP -Cast}
 61827 | Slime:5  | Identified the +6 falchion of Faloas {vamp, rPois rN+
                  | Dex+3}
 61838 | Slime:5  | Identified the ring of Doubts {*Slow rC+ Str+6}
 61843 | Slime:5  | Identified the +0 plate armour of Lag Owku {rCorr}
 61847 | Slime:5  | Identified the +5 hand axe of Intimidation {pain, rPois
                  | Int+4 Dex+6}
 61886 | Slime:5  | Identified the +1 robe "Ritutzeg" {rElec Int+2 Dex-3}
 61940 | Slime:5  | Got a slimy rune of Zot
 61954 | Slime:5  | Identified the +0 morningstar "Retsed" {heavy, rC- rCorr
                  | Str+9}
 62503 | Vaults:1 | Entered Level 1 of the Vaults
 62503 | Vaults:1 | Noticed Asterion
 62505 | Vaults:1 | Killed Asterion
 63687 | Vaults:1 | Noticed Nikola
 63692 | Vaults:1 | Killed Nikola
 67000 | Vaults:3 | Found a crumbling gateway.
 67011 | Desolati | Entered the Desolation of Salt
 67130 | Desolati | Reached XP level 25. HP: 102/116 MP: 40/53
 67341 | Desolati | Identified the staff of Qazlal's Castigation {rN+ Will+
                  | Str+3 Necro}
 67343 | Desolati | Identified the +6 shortbow "Askavvir" {heavy, rPois Str+3
                  | Stlth-}
 67350 | Desolati | Identified the +11 falchion of Demonkind {drain, rPois rF+
                  | rN+}
 67350 | Desolati | Identified the +1 scale mail of Gapuzator {Dex+3 SInv
                  | Stlth-}
 67373 | Desolati | Identified the +2 eveningstar of Traps {venom, +Blink
                  | Will+}
 67379 | Desolati | Identified the +4 orcbow "Sont" {flame, Drain rN+ Dex+2}
 67575 | Desolati | Identified the ring of Ykkyku {rPois rC+ MP+9 Int-5 Dex+6}
 67784 | Desolati | Identified the +0 robe "Doucigh" {rPois Archmagi}
 68861 | Vaults:3 | Found Lestriplu's Assorted Antiques.
 68869 | Vaults:3 | Bought an ivory ring for 220 gold pieces
 68869 | Vaults:3 | Bought a sparkling jade ring for 220 gold pieces
 68869 | Vaults:3 | Identified the ring of Rustez {rCorr SInv} (You bought it
                  | in a shop on level 3 of the Vaults)
 68869 | Vaults:3 | Bought a scroll of acquirement for 2288 gold pieces
 68889 | Vaults:3 | Found a staircase to the Crypt.
 69770 | Vaults:3 | Found Xeir Neuwo's Antique Weapon Shop.
 69815 | Vaults:3 | Found Muocva's Armour Boutique.
 71216 | Vaults:4 | Identified the +1 battleaxe of Hecvumih {venom, rElec rPois
                  | rF- Dex+4}
 72848 | Vaults:4 | Identified the orb of the Playwright {mayhem, rPois rN+
                  | Int+3}
 72911 | Vaults:4 | Bought a heavily runed helmet for 313 gold pieces
 72911 | Vaults:4 | Identified the +0 helmet of the Boiling Point {Harm *Slow
                  | rC++} (You bought it in a shop on level 4 of the Vaults)
 72913 | Vaults:4 | Bought a scroll of blinking for 232 gold pieces
 72954 | Vaults:5 | Entered Level 5 of the Vaults
 72957 | Vaults:5 | Reached XP level 26. HP: 120/120 MP: 45/53
 73511 | Vaults:5 | Reached skill level 5 in Necromancy
 73802 | Vaults:5 | Noticed a dread lich
 73803 | Vaults:5 | Killed a dread lich
 73994 | Vaults:5 | Identified the +4 shortbow of Mosof {heavy, Drain rN++
                  | Will+ Dex+2}
 74650 | Vaults:5 | Noticed a dread lich
 74778 | Vaults:5 | Noticed Boris
 74780 | Vaults:5 | Killed a dread lich
 74780 | Vaults:5 | Killed Boris
 75355 | Vaults:5 | Identified the +7 war axe of Jaffenugo {freeze, rPois rN++
                  | Will+ rCorr}
 75784 | Vaults:5 | Identified the ring of Rasis {Will+ Str+3 Slay+4}
 77046 | Vaults:5 | Found Hineg's Antique Armour Shoppe.
 77104 | Vaults:5 | Identified the +2 quarterstaff "Zaluaz" {heavy, *Noise rF+
                  | rCorr Str+2}
 77207 | Vaults:5 | Got Hizoherch's Almanac of Misty Direction
 77209 | Vaults:5 | Got a silver rune of Zot
 77216 | Vaults:5 | Got Lassobb's Almanac of Boreal Terrain
 77675 | Vaults:4 | Acquired a staff of earth
 77679 | Vaults:4 | Acquired 932 gold pieces
 77733 | Crypt:1  | Entered Level 1 of the Crypt
 78118 | Crypt:1  | Reached skill level 10 in Necromancy
 80583 | Crypt:2  | Reached XP level 27. HP: 108/124 MP: 36/53
 81048 | Crypt:2  | Noticed Wuppom's ghost (veteran GrFi)
 81051 | Crypt:2  | Identified the staff of Koodisch {rElec rC- Str+5 Earth}
 81051 | Crypt:2  | Noticed a royal mummy
 81058 | Crypt:2  | Killed a royal mummy
 81304 | Crypt:1  | Killed Wuppom's ghost
 81617 | Crypt:2  | Found a transporter.
 81638 | Crypt:2  | Found a transporter.
 82535 | Crypt:3  | Entered Level 3 of the Crypt
 84509 | Crypt:3  | Found a staircase to the Tomb.
 84903 | Crypt:3  | Found an ancient bone altar of Kikubaaqudgha.
 84905 | Crypt:3  | Found a basalt altar of Yredelemnul.
 84922 | Crypt:3  | Identified the +8 morningstar of the Solstice {drain,
                  | Int+3}
 84980 | Crypt:3  | Got the Meditations on Last Rites
 84982 | Crypt:3  | Identified the ring of Ohawnaq {rF- rN+ rCorr Int+2}
 84982 | Crypt:3  | Identified the ring of Conformity {rF+ rC+ rN+}
 85143 | Crypt:3  | Found an ancient bone altar of Kikubaaqudgha.
 85341 | Crypt:3  | Identified the amulet of Qeckamod {*Slow rC+++ rN+ Will-
                  | Regen+}
 85341 | Crypt:3  | Noticed a royal mummy
 85344 | Crypt:3  | Killed a royal mummy
 85760 | Zot:1    | Entered Level 1 of the Realm of Zot
 85760 | Zot:1    | Found a transporter.
 85763 | Zot:1    | Noticed Grunn
 85766 | Zot:1    | Killed Grunn
 85907 | Zot:1    | Reached skill level 15 in Necromancy
 86198 | Zot:1    | Identified the ring of Igoaqoun {rC+ Will- rCorr Slay+2}
 86204 | Zot:1    | Noticed an orb of fire
 86209 | Zot:1    | Noticed an orb of fire
 86568 | Tomb:1   | Entered Level 1 of the Tomb of the Ancients
 87162 | Tomb:1   | Noticed a royal mummy
 87163 | Tomb:1   | Noticed a royal mummy
 87166 | Tomb:1   | Killed a royal mummy
 87166 | Tomb:1   | Noticed a royal mummy
 87168 | Tomb:1   | Killed a royal mummy
 87168 | Tomb:1   | Noticed a royal mummy
 87168 | Tomb:1   | Noticed a royal mummy
 87172 | Tomb:1   | Noticed a royal mummy
 87309 | Tomb:1   | Killed a royal mummy
 87310 | Tomb:1   | Killed a royal mummy
 87310 | Tomb:1   | Noticed a royal mummy
 87311 | Tomb:1   | Killed a royal mummy
 87311 | Tomb:1   | Killed a royal mummy
 87312 | Tomb:1   | Killed a royal mummy
 87312 | Tomb:1   | Noticed a royal mummy
 87415 | Tomb:1   | Killed a royal mummy
 87428 | Tomb:1   | Noticed a royal mummy
 87430 | Tomb:1   | Killed a royal mummy
 87639 | Crypt:3  | Learned a level 9 spell: Death's Door
 87828 | Tomb:1   | Noticed a royal mummy
 87836 | Tomb:1   | Killed a royal mummy
 87984 | Tomb:1   | Noticed a royal mummy
 87988 | Tomb:1   | Killed a royal mummy
 88036 | Tomb:1   | Identified the +4 spear "Hikifel" {speed, rC+}
 88037 | Tomb:1   | Noticed Boris
 88191 | Tomb:1   | Killed Boris
 88366 | Tomb:1   | Noticed a royal mummy
 88369 | Tomb:1   | Killed a royal mummy
 88372 | Tomb:1   | Noticed a royal mummy
 88388 | Tomb:1   | Killed a royal mummy
 88766 | Tomb:1   | Noticed a royal mummy
 88772 | Tomb:1   | Killed a royal mummy
 89224 | Tomb:1   | Noticed a royal mummy
 89227 | Tomb:1   | Killed a royal mummy
 89363 | Tomb:1   | Noticed a royal mummy
 89365 | Tomb:1   | Noticed a royal mummy
 89366 | Tomb:1   | Killed a royal mummy
 89369 | Tomb:1   | Killed a royal mummy
 89623 | Tomb:1   | Noticed a royal mummy
 89626 | Tomb:1   | Killed a royal mummy
 89626 | Tomb:1   | Noticed a royal mummy
 89629 | Tomb:1   | Noticed a royal mummy
 89630 | Tomb:1   | Killed a royal mummy
 89632 | Tomb:1   | Killed a royal mummy
 90575 | Tomb:2   | Noticed a royal mummy
 90575 | Tomb:2   | Noticed a royal mummy
 90578 | Tomb:2   | Noticed a royal mummy
 90578 | Tomb:2   | Noticed a royal mummy
 90581 | Tomb:2   | Killed a royal mummy
 90581 | Tomb:2   | Killed a royal mummy
 90583 | Tomb:2   | Killed a royal mummy
 90583 | Tomb:2   | Killed a royal mummy
 91284 | Tomb:3   | Entered Level 3 of the Tomb of the Ancients
 91302 | Tomb:3   | Noticed a royal mummy
 91302 | Tomb:3   | Noticed a royal mummy
 91304 | Tomb:3   | Noticed a royal mummy
 91305 | Tomb:3   | Killed a royal mummy
 91305 | Tomb:3   | Noticed a royal mummy
 91306 | Tomb:3   | Killed a royal mummy
 91306 | Tomb:3   | Killed a royal mummy
 91306 | Tomb:3   | Noticed a royal mummy
 91306 | Tomb:3   | Noticed a royal mummy
 91307 | Tomb:3   | Noticed a royal mummy
 91308 | Tomb:3   | Killed a royal mummy
 91309 | Tomb:3   | Killed a royal mummy
 91309 | Tomb:3   | Killed a royal mummy
 91309 | Tomb:3   | Killed a royal mummy
 91310 | Tomb:3   | Noticed a royal mummy
 91312 | Tomb:3   | Killed a royal mummy
 91426 | Tomb:3   | Noticed a royal mummy
 91429 | Tomb:3   | Killed a royal mummy
 91593 | Tomb:3   | Got a golden rune of Zot
 91646 | Tomb:3   | Identified the ring "Limipy" {rN+ Int+6 Dex+3}
 91725 | Tomb:3   | Identified the +3 ring mail "Rarel" {Stlth+}
 91731 | Tomb:3   | Identified the +7 chain mail "Puor Ocaek" {Int+3}
 92663 | Lair:4   | Killed Bag Taf's ghost
 93075 | Zig:1    | Entered Level 1 of a ziggurat
 93128 | Zig:2    | Entered Level 2 of a ziggurat
 93131 | Zig:2    | Noticed Heivap the pandemonium lord
 93137 | Zig:2    | Killed Heivap the pandemonium lord
 93249 | Zig:2    | Identified the amulet "Miwk" {Acrobat Str+4 Dex+2}
 93258 | Zig:3    | Entered Level 3 of a ziggurat
 93383 | Zig:4    | Entered Level 4 of a ziggurat
 93471 | Zig:5    | Entered Level 5 of a ziggurat
 93566 | Zig:5    | Learned a level 8 spell: Disjunction
 93570 | Zig:6    | Entered Level 6 of a ziggurat
 93576 | Zig:6    | Noticed a royal mummy
 93580 | Zig:6    | Reached skill level 1 in Translocations
 93580 | Zig:6    | Killed a royal mummy
 93674 | Zig:7    | Entered Level 7 of a ziggurat
 93680 | Zig:7    | Found the +8 Vampire's Tooth {megavamp}
 93699 | Zig:7    | Identified the +4 battleaxe of the Countless Olives {heavy,
                  | rF+ rN+ Int-2}
 93748 | Zig:7    | Reached skill level 5 in Translocations
 93759 | Zig:8    | Entered Level 8 of a ziggurat
 93793 | Zig:8    | Identified the +1 helmet of the Pits of Slime {Rampage
                  | rElec rCorr Dex-2}
 93851 | Zig:9    | Entered Level 9 of a ziggurat
 93897 | Zig:9    | Identified the +0 morningstar of Poizxe Xiest {pain, Int+3}
 93900 | Zig:9    | Identified the staff "Kam Sali" {*Slow rF- rCorr Int+4
                  | Conj}
 93999 | Zig:10   | Entered Level 10 of a ziggurat
 94041 | Zig:10   | Identified the +3 quick blade of the Feeding Gods {protect,
                  | Contam Fly Will++ rCorr}
 94051 | Zig:10   | Identified the staff of Propriety {rPois rF- rN+++ rCorr
                  | Conj}
 94153 | Zig:11   | Entered Level 11 of a ziggurat
 94209 | Zig:11   | Identified the amulet of Jahatu {Acrobat rN+++ Regen+ Str-3
                  | Dex+4}
 94267 | Zig:12   | Entered Level 12 of a ziggurat
 94285 | Zig:12   | Found the macabre finger necklace {Finger+ rN+}
 94458 | Zig:13   | Entered Level 13 of a ziggurat
 94477 | Zig:13   | Reached skill level 10 in Translocations
 94541 | Zig:13   | Identified the amulet "Peussabi" {Faith Slay+2}
 94556 | Zig:13   | Identified the ring of Tajif Vausk {rPois rF+ Dex+4}
 94558 | Zig:13   | Identified the +2 robe of Insurance {Rampage rElec
                  | Archmagi}
 94663 | Zig:13   | Identified the +1 robe "Refish" {-Cast rN+ rCorr}
 94717 | Zig:14   | Entered Level 14 of a ziggurat
 94731 | Zig:14   | Reached skill level 5 in Stealth
 94742 | Zig:14   | Identified the +1 robe "Mitwumiw" {rC+}
 94751 | Zig:14   | Identified the +11 battleaxe of Limeucru {antimagic, Fly
                  | Dex+3}
 94776 | Zig:14   | Identified the +5 shortbow of Oqetzod {antimagic, rF+}
 94779 | Zig:14   | Identified the +10 rapier "Ryimeije" {heavy, rC+ Will+
                  | Str+3 SInv}
 94873 | Zig:14   | Learned a level 9 spell: Polar Vortex
 94882 | Zig:15   | Entered Level 15 of a ziggurat
 94918 | Zig:15   | Identified the +6 scale mail of Patterns {rN++ SInv}
 95048 | Zig:16   | Entered Level 16 of a ziggurat
 95056 | Zig:16   | Noticed a royal mummy
 95056 | Zig:16   | Noticed a royal mummy
 95056 | Zig:16   | Noticed a royal mummy
 95056 | Zig:16   | Noticed a royal mummy
 95057 | Zig:16   | Noticed a royal mummy
 95063 | Zig:16   | Killed a royal mummy
 95063 | Zig:16   | Killed a royal mummy
 95064 | Zig:16   | Killed a royal mummy
 95064 | Zig:16   | Killed a royal mummy
 95064 | Zig:16   | Killed a royal mummy
 95065 | Zig:16   | Found the +10 zealot's sword {holy, Zealotry, *Rage rN+
                  | EV+3}
 95116 | Zig:16   | Identified the ring of the Gastropod {*Slow rC+ Int+2
                  | Slay+3}
 95122 | Zig:16   | Identified the ring "Jucioggi" {Wiz rF+ Str+2 Int+5 Slay-3}
 95318 | Zig:17   | Entered Level 17 of a ziggurat
 95355 | Zig:17   | Identified the staff of Dissent {rElec Int+3 Conj}
 95372 | Zig:17   | Identified the +0 cloak of Yllyseo {rElec Int+3}
 95379 | Zig:17   | Identified the +10 sling of Dishonesty {freeze, rPois Str-4
                  | Dex+2}
 95515 | Zig:18   | Entered Level 18 of a ziggurat
 95545 | Zig:18   | Identified the +2 great sword of Heaj {drain, rElec Str+2
                  | Dex-4}
 95563 | Zig:18   | Identified the +2 robe "Wiot" {Rampage +Inv Int+3 Dex+2
                  | Slay-5}
 95567 | Zig:18   | Identified the +4 battleaxe of Destiny {freeze, Drain rF+
                  | rC+ Will+}
 95569 | Zig:18   | Identified the +5 mace "Seram" {freeze, rF+ rN++ Will-}
 95760 | Zig:19   | Entered Level 19 of a ziggurat
 95770 | Zig:19   | Reached skill level 27 in Spellcasting
 95826 | Zig:19   | Identified the +12 flail "Etobu" {heavy, rPois rF- SInv}
 95827 | Zig:19   | Identified the +5 orcbow of Generosity {speed, rC+ Will++
                  | Str+7}
 96029 | Zig:20   | Entered Level 20 of a ziggurat
 96037 | Zig:20   | Noticed a royal mummy
 96039 | Zig:20   | Noticed a royal mummy
 96040 | Zig:20   | Noticed a royal mummy
 96040 | Zig:20   | Noticed a royal mummy
 96041 | Zig:20   | Noticed a royal mummy
 96043 | Zig:20   | Noticed a royal mummy
 96043 | Zig:20   | Noticed a royal mummy
 96044 | Zig:20   | Killed a royal mummy
 96044 | Zig:20   | Noticed a royal mummy
 96045 | Zig:20   | Noticed a royal mummy
 96046 | Zig:20   | Killed a royal mummy
 96046 | Zig:20   | Killed a royal mummy
 96046 | Zig:20   | Killed a royal mummy
 96047 | Zig:20   | Killed a royal mummy
 96047 | Zig:20   | Killed a royal mummy
 96048 | Zig:20   | Killed a royal mummy
 96048 | Zig:20   | Killed a royal mummy
 96048 | Zig:20   | Killed a royal mummy
 96073 | Zig:20   | Identified the ring "Odaac" {Fire Int+3}
 96075 | Zig:20   | Identified the +1 war axe of Afoichuh {venom, Fly Int+2}
 96077 | Zig:20   | Identified the +1 sling of Uncomfortable Rashes {freeze,
                  | *Corrode rC+ Int+4 Stlth+}
 96084 | Zig:20   | Got the Grimoire of the Infected Iceberg
 96111 | Zig:20   | Identified the staff of Ippocam {*Corrode rF+ Will++ Int+3
                  | Fire}
 96286 | Zig:21   | Entered Level 21 of a ziggurat
 96297 | Zig:21   | Paralysed by an air elemental for 1 turns
 96302 | Zig:21   | Reached skill level 27 in Ice Magic
 96317 | Zig:21   | Identified the ring of Creativity {rElec Int+6}
 96336 | Zig:21   | Identified the +1 leather armour "Ostroeti" {rC+}
 96349 | Zig:21   | Identified the +9 demon whip "Woutufus" {drain, rN+ Dex-3
                  | Stlth+}
 96556 | Zig:22   | Entered Level 22 of a ziggurat
 96601 | Zig:22   | Identified the ring "Yheahu" {rC+ AC+4}
 96604 | Zig:22   | Identified the +2 rapier of Cataclysm {speed, Drain rF+
                  | Int+2 Dex+4}
 96605 | Zig:22   | Identified the +3 demon whip of Tagitupu {vamp, Dex+3}
 96619 | Zig:22   | Identified the +4 scimitar of the Purse {drain, +Blink}
 96633 | Zig:22   | Identified the ring "Oqell" {rPois rC+}
 96636 | Zig:22   | Identified the amulet of the Echidna {Reflect rElec rPois
                  | Int-2 SH+5 SInv}
 96809 | Zig:23   | Entered Level 23 of a ziggurat
 96846 | Zig:23   | Identified the +10 plate armour "Fusoroh" {rElec rPois
                  | Dex+4 Slay-5}
 96849 | Zig:23   | Got the Annotations on the Salamander
 96869 | Zig:23   | Identified the staff of Intuition {rElec rPois Stlth- Earth
                  | Poison}
 96879 | Zig:23   | Identified the +1 leather armour of Dezxuas {Harm +Inv
                  | Str-4 Int+3 Dex+3}
 96902 | Zig:23   | Identified the staff of Qisaon {Dex+4 Conj}
 97093 | Zig:24   | Entered Level 24 of a ziggurat
 97138 | Zig:24   | Identified the +3 short sword of Fortitude {speed, rPois
                  | Str+4 Dex+4}
 97152 | Zig:24   | Identified the ring of Mililex {Fly Str+3}
 97159 | Zig:24   | Identified the staff "Rivyci" {Str-3 Int+3 SInv Earth}
 97184 | Zig:24   | Identified the staff of the Illusory Queens {Fly Conj}
 97195 | Zig:24   | Identified the ring of Lihaloem {rC+ AC+4}
 97369 | Zig:24   | Acquired the +2 pair of slick slippers {slick, slippery,
                  | EV+4}
 97369 | Zig:24   | Found the +2 pair of slick slippers {slick, slippery, EV+4}
 97397 | Zig:25   | Entered Level 25 of a ziggurat
 97413 | Zig:25   | Reached skill level 27 in Necromancy
 97415 | Zig:25   | Reached skill level 1 in Fighting
 97420 | Zig:25   | Reached skill level 5 in Armour
 97444 | Zig:25   | Identified the ring of Sif Muna's Vengeance {rF+ Int+5
                  | SInv}
 97453 | Zig:25   | Identified the +1 spear "Uroyh" {heavy, Str+3}
 97476 | Zig:25   | Identified the +4 plate armour of the Apothecary {rElec
                  | Will+ Stlth-}
 97485 | Zig:25   | Identified the +4 great mace of Iffim {venom, rC- Int+8
                  | Dex-2 Stlth+}
 97493 | Zig:25   | Identified the +2 scale mail "Enifon" {rC+}
 97500 | Zig:25   | Reached skill level 5 in Fighting
 97500 | Zig:25   | Reached skill level 5 in Dodging
 97693 | Zig:26   | Entered Level 26 of a ziggurat
 97715 | Zig:26   | Reached skill level 10 in Armour
 97779 | Zig:26   | Identified the ring "Rikefa Utri" {Fire rN+ Will+ Int+4
                  | Stlth+}
 97781 | Zig:26   | Identified the +0 ring mail of Zegao {rC+ Str+3 Int+6
                  | Dex-5}
 97795 | Zig:26   | Identified the staff of Fyskiss {Fly rElec rC++ Str-4 Necro
                  | Air}
 97801 | Zig:26   | Identified the amulet of Faohe {RegenMP Str+4 Int+2}
 97809 | Zig:26   | Identified the staff of Dawn {*Slow rPois rC+ rCorr MP+9
                  | Ice}
 97827 | Zig:26   | Identified the +6 broad axe of Causality {antimagic, rC+}
 98012 | Zig:27   | Entered Level 27 of a ziggurat
 98053 | Zig:27   | Identified the staff of Destiny {rElec rF+ Will+ Fire}
 98055 | Zig:27   | Identified the ring "Henoipt" {rPois rCorr Str-2 SInv}
 98078 | Zig:27   | Identified the ring "Yhop Ely" {rF+ Will+++ rCorr Int-5
                  | Dex+4}
 98090 | Zig:27   | Identified the +1 halberd "Jajusuefe" {freeze, Int+3}
 98099 | Zig:27   | Identified the +8 demon trident "Spiderbane" {pain, rElec
                  | rPois rCorr Int-4}
 98355 | Depths:2 | Bought a potion of haste for 210 gold pieces
 98355 | Depths:2 | Bought a potion of brilliance for 84 gold pieces
 98361 | Depths:2 | Bought a potion of resistance for 240 gold pieces
 98361 | Depths:2 | Bought a potion of brilliance for 96 gold pieces
 98361 | Depths:2 | Bought a potion of resistance for 240 gold pieces
 98361 | Depths:2 | Bought a potion of brilliance for 96 gold pieces
 98382 | Hell     | Entered the Vestibule of Hell
 98382 | Hell     | Noticed Geryon
 98386 | Hell     | Reached skill level 15 in Armour
 98389 | Hell     | Killed Geryon
 98866 | Hell     | Noticed an ancient lich
 98874 | Hell     | Killed an ancient lich
 99487 | Hell     | Found a gateway to the Iron City of Dis.
 99529 | Hell     | Found a gateway to the ashen valley of Gehenna.
 99655 | Hell     | Found a gateway to the decaying netherworld of Tartarus.
 99699 | Hell     | Found a gateway to the freezing wastes of Cocytus.
 99786 | Dis:1    | Entered Level 1 of the Iron City of Dis
100162 | Hell     | Lost mutation: You sometimes lose your temper in combat.
                  | [potion of mutation]
100162 | Hell     | Gained mutation: You are robust. (+10% HP) [potion of
                  | mutation]
100162 | Hell     | Gained mutation: You are very robust. (+20% HP) [potion of
                  | mutation]
100372 | Dis:2    | Noticed an ancient lich
100379 | Dis:2    | Killed an ancient lich
100393 | Dis:2    | Reached skill level 1 in Staves
100551 | Dis:4    | Found a huge runed gate.
100551 | Dis:4    | Found a huge runed gate.
100551 | Dis:4    | Found a huge runed gate.
100551 | Dis:4    | Found a huge runed gate.
100551 | Dis:4    | Found a huge runed gate.
100552 | Dis:4    | Found a huge runed gate.
100552 | Dis:4    | Found a huge runed gate.
100554 | Dis:4    | Found a huge runed gate.
100555 | Dis:4    | Found a huge runed gate.
100563 | Dis:4    | Reached skill level 5 in Staves
100567 | Dis:4    | Found a huge runed gate.
100929 | Dis:4    | Found a huge runed gate.
101926 | Dis:4    | Found a huge runed gate.
101936 | Dis:4    | Found a huge runed gate.
101937 | Dis:4    | Found a huge runed gate.
101938 | Dis:4    | Found a huge runed gate.
102716 | Vaults:3 | Bought the +2 helmet of the Skies Above {Dex+7} for 506
                  | gold pieces
103111 | Dis:6    | Reached skill level 10 in Staves
103325 | Dis:6    | Reached skill level 10 in Fighting
103589 | Dis:7    | Entered Level 7 of the Iron City of Dis
103815 | Dis:3    | You are sucked into a shaft and drop 1 floor!
104555 | Dis:7    | Noticed a juggernaut
104559 | Dis:7    | Killed a juggernaut
104984 | Dis:7    | Bought a potion of invisibility for 200 gold pieces
104984 | Dis:7    | Bought a potion of brilliance for 100 gold pieces
104984 | Dis:7    | Bought a potion of haste for 250 gold pieces
104984 | Dis:7    | Bought a potion of haste for 250 gold pieces
104984 | Dis:7    | Bought a potion of cancellation for 200 gold pieces
104984 | Dis:7    | Bought a potion of invisibility for 200 gold pieces
105308 | Dis:7    | Noticed a juggernaut
105320 | Dis:7    | Reached skill level 15 in Staves
105320 | Dis:7    | Killed a juggernaut
105876 | Dis:7    | Noticed a juggernaut
105884 | Dis:7    | Killed a juggernaut
106015 | Dis:7    | Noticed Dispater
106026 | Dis:7    | Killed Dispater
106041 | Dis:7    | Identified the +5 orcbow "Feocwowk" {freeze, Will+ Str+4
                  | Stlth+}
106045 | Dis:7    | Got an iron rune of Zot
106897 | Zig:1    | Entered Level 1 of a ziggurat
106914 | Zig:2    | Entered Level 2 of a ziggurat
106919 | Zig:2    | Paralysed by a wendigo for 1 turns
106944 | Zig:3    | Entered Level 3 of a ziggurat
106987 | Zig:4    | Entered Level 4 of a ziggurat
107003 | Zig:4    | Got the Annotations on the Allied Sky
107018 | Zig:5    | Entered Level 5 of a ziggurat
107101 | Zig:6    | Entered Level 6 of a ziggurat
107113 | Zig:6    | Reached skill level 15 in Fighting
107181 | Zig:7    | Entered Level 7 of a ziggurat
107186 | Zig:7    | Noticed a dread lich
107190 | Zig:7    | Killed a dread lich
107203 | Zig:7    | Identified the +9 quick blade of the Solstice {freeze,
                  | +Blink rElec Int+2}
107219 | Zig:7    | Identified the +7 quarterstaff of the Vaults {flame, Int+5}
107259 | Zig:8    | Entered Level 8 of a ziggurat
107263 | Zig:8    | Noticed an ancient lich
107264 | Zig:8    | Noticed an ancient lich
107265 | Zig:8    | Killed an ancient lich
107265 | Zig:8    | Noticed a dread lich
107267 | Zig:8    | Killed an ancient lich
107269 | Zig:8    | Killed a dread lich
107327 | Zig:9    | Entered Level 9 of a ziggurat
107330 | Zig:9    | Noticed a royal mummy
107332 | Zig:9    | Noticed a royal mummy
107333 | Zig:9    | Noticed a royal mummy
107333 | Zig:9    | Noticed a royal mummy
107336 | Zig:9    | Killed a royal mummy
107336 | Zig:9    | Killed a royal mummy
107342 | Zig:9    | Killed a royal mummy
107342 | Zig:9    | Killed a royal mummy
107500 | Zig:9    | Identified the staff of Day {rPois rN++ Int-2 Poison}
107558 | Zig:10   | Entered Level 10 of a ziggurat
107577 | Zig:10   | Identified the ring of Johev {rPois Str+2 Int+4}
107584 | Zig:10   | Identified the +0 helmet "Bats" {Str+3}
107587 | Zig:10   | Identified the +3 spear of Ravage {heavy, Int+4 Dex-2}
107647 | Zig:10   | Identified the ring "Horhucw" {Ice Str+3}
107651 | Zig:11   | Entered Level 11 of a ziggurat
107660 | Zig:11   | Found the +15 Maxwell's patent armour {-Cast -Tele rElec
                  | Will+ rCorr}
107716 | Zig:11   | Identified the amulet "Xerchuaveu" {Acrobat Stlth+}
107725 | Zig:11   | Got Xamydi Diva's Directory of the Road Less Travelled
107730 | Zig:11   | Identified the +2 rapier of Arbitration {heavy, rC+ Int+4}
107766 | Zig:12   | Entered Level 12 of a ziggurat
107872 | Zig:12   | Identified the +1 helmet "Qevorosk" {Int+3 Dex+2}
107881 | Zig:12   | Identified the +0 robe of Dojobeb {rElec rPois Int-4 Dex+5}
107882 | Zig:12   | Identified the +6 glaive of Defence {freeze, Int+4 Dex+2}
107902 | Zig:13   | Entered Level 13 of a ziggurat
107910 | Zig:13   | Noticed a dread lich
107910 | Zig:13   | Noticed a dread lich
107912 | Zig:13   | Noticed a dread lich
107915 | Zig:13   | Killed a dread lich
107915 | Zig:13   | Killed a dread lich
107915 | Zig:13   | Killed a dread lich
107962 | Zig:13   | Identified the +11 orcbow of Makhleb's Favour {heavy,
                  | *Corrode rPois rN+}
107971 | Zig:13   | Identified the ring of Zaifriut {rPois rCorr Int+3}
108013 | Zig:14   | Entered Level 14 of a ziggurat
108028 | Zig:14   | Found the amulet of the Air {Inacc Air Fly rElec RMsl}
108038 | Zig:14   | Identified the +0 buckler of Fun and Games {rN+ Dex+2}
108078 | Zig:14   | Identified the +7 short sword "Ikakhleff" {flame, *Slow Fly
                  | rC+++ Str-5}
108143 | Zig:14   | Identified the staff of the Volcano {Drain rC+ rN+ Str+3
                  | Ice}
108150 | Zig:15   | Entered Level 15 of a ziggurat
108156 | Zig:15   | Noticed a juggernaut
108159 | Zig:15   | Noticed a juggernaut
108160 | Zig:15   | Killed a juggernaut
108161 | Zig:15   | Killed a juggernaut
108164 | Zig:15   | Found the +8 mithril axe "Arga" {speed, Will+}
108165 | Zig:15   | Found the -2 hat of the Alchemist {rElec rPois rF+ rC+ rN+
                  | Will+ rMut rCorr}
108238 | Zig:15   | Identified the ring of the Cursing Gods {Wiz rElec rCorr}
108242 | Zig:15   | Identified the +0 ring mail of Gokkivume {rN+ Int+4}
108349 | Zig:16   | Entered Level 16 of a ziggurat
108377 | Zig:16   | Identified the ring of Mirth {Fly rN+ Str+3}
108426 | Zig:16   | Identified the +7 flail of the Burning Gods {freeze, rElec
                  | Will+ Str+2}
108488 | Zig:16   | Identified the staff of Mayhem {rF- rCorr Str+8 Earth}
108498 | Zig:17   | Entered Level 17 of a ziggurat
108606 | Zig:17   | Identified the +1 long sword "Kiddewk" {heavy, +Blink rC+
                  | Str-2 Int+3}
108717 | Zig:17   | Identified the +0 leather armour of Luf Digu {+Blink}
108726 | Zig:18   | Entered Level 18 of a ziggurat
108915 | Zig:18   | Identified the ring of Free Expression {Will+ rCorr AC+4
                  | Dex+3}
108919 | Zig:18   | Identified the +9 halberd of Rotation {heavy, Contam rC+
                  | Str+4 Stlth+}
108925 | Zig:18   | Identified the +3 shortbow of Exchange {flame, Int+3}
108936 | Zig:18   | Identified the +10 great sword of Paeze {heavy, rPois Dex-3
                  | SInv}
108938 | Zig:18   | Identified the staff of Kibousam {rElec rC+ rN+ Earth}
108940 | Zig:18   | Identified the +4 whip "Fetiej" {freeze, Str+3 Int+5}
108964 | Zig:19   | Entered Level 19 of a ziggurat
108969 | Zig:19   | Noticed an ancient lich
108970 | Zig:19   | Noticed an ancient lich
108972 | Zig:19   | Noticed an ancient lich
108973 | Zig:19   | Noticed a dread lich
108974 | Zig:19   | Noticed an ancient lich
108975 | Zig:19   | Noticed a dread lich
108975 | Zig:19   | Noticed a dread lich
108975 | Zig:19   | Killed an ancient lich
108976 | Zig:19   | Noticed a dread lich
108976 | Zig:19   | Noticed a dread lich
108977 | Zig:19   | Killed an ancient lich
108977 | Zig:19   | Killed an ancient lich
108977 | Zig:19   | Noticed a dread lich
108978 | Zig:19   | Noticed an ancient lich
108978 | Zig:19   | Killed an ancient lich
108978 | Zig:19   | Killed a dread lich
108979 | Zig:19   | Killed a dread lich
108979 | Zig:19   | Killed a dread lich
108981 | Zig:19   | Killed a dread lich
108981 | Zig:19   | Killed a dread lich
108981 | Zig:19   | Killed a dread lich
108988 | Zig:19   | Killed an ancient lich
109049 | Zig:19   | Identified the +0 ring mail of the Smoking Gods {Dex+4}
109156 | Zig:20   | Entered Level 20 of a ziggurat
109157 | Zig:20   | Noticed a dread lich
109162 | Zig:20   | Noticed a royal mummy
109163 | Zig:20   | Noticed a royal mummy
109165 | Zig:20   | Noticed a royal mummy
109169 | Zig:20   | Noticed a royal mummy
109171 | Zig:20   | Killed a royal mummy
109171 | Zig:20   | Killed a dread lich
109171 | Zig:20   | Killed a royal mummy
109171 | Zig:20   | Killed a royal mummy
109173 | Zig:20   | Killed a royal mummy
109174 | Zig:20   | Noticed a royal mummy
109174 | Zig:20   | Killed a royal mummy
109175 | Zig:20   | Noticed a royal mummy
109178 | Zig:20   | Killed a royal mummy
109179 | Zig:20   | Noticed a royal mummy
109182 | Zig:20   | Killed a royal mummy
109478 | Zig:20   | Identified the staff "Hell-Harrower" {rPois rC+ Conj}
109507 | Zig:20   | Identified the +9 great mace "Dithejay" {flame, *Corrode
                  | rElec Dex+3}
109528 | Zig:20   | Reached skill level 27 in Stealth
109535 | Zig:21   | Entered Level 21 of a ziggurat
109548 | Zig:21   | Reached skill level 10 in Dodging
109550 | Zig:21   | Paralysed by an air elemental for 1 turns
109554 | Zig:21   | Paralysed by an air elemental for 1 turns
109629 | Zig:21   | Identified the +3 short sword "Kumyvep" {venom, +Blink rF-
                  | rC++}
109636 | Zig:21   | Identified the staff of the Scavenger {rPois rF+ MP+9 Str+3
                  | Dex+3 Fire}
109639 | Zig:21   | Identified the +0 ring mail of the Crafting Gods {Harm
                  | Int+2}
109649 | Zig:21   | Identified the ring "Serri" {rC- rN+ Int+3 Stlth+}
109780 | Zig:22   | Entered Level 22 of a ziggurat
109796 | Zig:22   | Reached skill level 1 in Shields
109804 | Zig:22   | Found the +8 longbow "Zephyr" {speed, Dex+3 SInv}
109993 | Zig:22   | Identified the staff of Hommuasirph {rC- rN++ Str+4 Conj}
110030 | Zig:22   | Identified the staff "Fuytaar" {rElec Str-3 Int+5 Earth}
110037 | Zig:23   | Entered Level 23 of a ziggurat
110051 | Zig:23   | Noticed an ancient lich
110053 | Zig:23   | Noticed a dread lich
110053 | Zig:23   | Noticed a dread lich
110053 | Zig:23   | Noticed an ancient lich
110054 | Zig:23   | Killed an ancient lich
110054 | Zig:23   | Killed an ancient lich
110055 | Zig:23   | Killed a dread lich
110056 | Zig:23   | Noticed an ancient lich
110057 | Zig:23   | Killed a dread lich
110058 | Zig:23   | Reached skill level 5 in Shields
110059 | Zig:23   | Killed an ancient lich
110059 | Zig:23   | Noticed an ancient lich
110060 | Zig:23   | Noticed a dread lich
110060 | Zig:23   | Noticed an ancient lich
110061 | Zig:23   | Killed an ancient lich
110062 | Zig:23   | Killed an ancient lich
110062 | Zig:23   | Killed a dread lich
110063 | Zig:23   | Noticed a dread lich
110073 | Zig:23   | Killed a dread lich
110196 | Zig:23   | Identified the +3 fire dragon scales "Taerahef" {rF++ rC-
                  | rN+ Dex+3}
110197 | Zig:23   | Identified the +3 rapier of Moynet {venom, rElec rC+ rCorr
                  | Str+2}
110205 | Zig:23   | Identified the staff of the Mushroom {Str-5 Int+3 Dex+2
                  | Earth}
110209 | Zig:23   | Identified the +2 short sword of the Gloaming {flame, rCorr
                  | Stlth+}
110329 | Zig:23   | Identified the +5 chain mail of the Dungeon {Int+4 Dex+2}
110340 | Zig:23   | Acquired 551 gold pieces
110344 | Zig:23   | Acquired the +2 pair of gloves "Olaat" {rN+ Regen+ rCorr
                  | Stlth-}
110366 | Zig:24   | Entered Level 24 of a ziggurat
110383 | Zig:24   | Reached skill level 15 in Dodging
110456 | Zig:24   | Identified the staff "Killer Bee's Foe" {rPois rC+ Will+
                  | Ice}
110459 | Zig:24   | Identified the death talisman of Tulips {rC+ Slay+2}
110462 | Zig:24   | Identified the +0 pair of boots of the Eternal Void {Str+3}
110468 | Zig:24   | Identified the staff of Joyful Slaughter {rPois Int+6 Dex-4
                  | Tloc Poison}
110470 | Zig:24   | Identified the +3 kite shield of Sehean {SInv}
110661 | Zig:25   | Entered Level 25 of a ziggurat
110668 | Zig:25   | Noticed a dread lich
110668 | Zig:25   | Noticed a dread lich
110671 | Zig:25   | Noticed a dread lich
110672 | Zig:25   | Noticed a dread lich
110673 | Zig:25   | Killed a dread lich
110673 | Zig:25   | Killed a dread lich
110673 | Zig:25   | Killed a dread lich
110673 | Zig:25   | Killed a dread lich
110674 | Zig:25   | Reached skill level 27 in Fighting
110677 | Zig:25   | Noticed an ancient lich
110680 | Zig:25   | Noticed a dread lich
110681 | Zig:25   | Reached skill level 10 in Shields
110681 | Zig:25   | Noticed an ancient lich
110681 | Zig:25   | Noticed an ancient lich
110681 | Zig:25   | Noticed an ancient lich
110681 | Zig:25   | Noticed a dread lich
110682 | Zig:25   | Killed a dread lich
110685 | Zig:25   | Killed an ancient lich
110685 | Zig:25   | Killed an ancient lich
110685 | Zig:25   | Noticed an ancient lich
110686 | Zig:25   | Noticed an ancient lich
110687 | Zig:25   | Killed an ancient lich
110688 | Zig:25   | Noticed a dread lich
110690 | Zig:25   | Killed an ancient lich
110690 | Zig:25   | Killed an ancient lich
110690 | Zig:25   | Killed a dread lich
110691 | Zig:25   | Killed a dread lich
110691 | Zig:25   | Killed an ancient lich
110695 | Zig:25   | Found the +10 Black Knight's barding {ponderous, rPois rN+}
110704 | Zig:25   | Identified the +0 plate armour of the Forest {rC+ Str+3
                  | Dex-5}
110771 | Zig:25   | Identified the ring of Zuse {Drain rElec rC+ Will++ AC+4}
110775 | Zig:25   | Identified the +5 flail of Indomitability {drain, *Slow Fly
                  | rF++ Will+}
110777 | Zig:25   | Identified the +3 war axe "zdzicho121's Bane" {holy, Contam
                  | rCorr Stlth+}
110942 | Zig:26   | Entered Level 26 of a ziggurat
110949 | Zig:26   | Noticed Kaigh the pandemonium lord
110950 | Zig:26   | Noticed Lanla the pandemonium lord
110950 | Zig:26   | Noticed Ranyxzu the pandemonium lord
110951 | Zig:26   | Noticed Forit the pandemonium lord
110951 | Zig:26   | Noticed Faushrud the pandemonium lord
110954 | Zig:26   | Noticed Weydeivu the pandemonium lord
110954 | Zig:26   | Noticed Vuarph the pandemonium lord
110955 | Zig:26   | Noticed Dorapyah the pandemonium lord
110957 | Zig:26   | Killed Ranyxzu the pandemonium lord
110958 | Zig:26   | Killed Forit the pandemonium lord
110958 | Zig:26   | Killed Faushrud the pandemonium lord
110958 | Zig:26   | Noticed Allomuv the pandemonium lord
110959 | Zig:26   | Killed Vuarph the pandemonium lord
110959 | Zig:26   | Killed Weydeivu the pandemonium lord
110959 | Zig:26   | Killed Dorapyah the pandemonium lord
110959 | Zig:26   | Noticed Ikenonots the pandemonium lord
110959 | Zig:26   | Noticed Okhiolia the pandemonium lord
110961 | Zig:26   | Noticed Seuneaq the pandemonium lord
110961 | Zig:26   | Noticed Xetoyris the pandemonium lord
110962 | Zig:26   | Killed Kaigh the pandemonium lord
110962 | Zig:26   | Noticed Peenkauw the pandemonium lord
110962 | Zig:26   | Noticed Tawimu Qetu the pandemonium lord
110962 | Zig:26   | Noticed Ziral the pandemonium lord
110963 | Zig:26   | Noticed Xocvam the pandemonium lord
110963 | Zig:26   | Noticed Adeluil the pandemonium lord
110963 | Zig:26   | Noticed Zusoah the pandemonium lord
110963 | Zig:26   | Noticed Ciameanu the pandemonium lord
110963 | Zig:26   | Killed Ikenonots the pandemonium lord
110964 | Zig:26   | Killed Zusoah the pandemonium lord
110965 | Zig:26   | Killed Allomuv the pandemonium lord
110965 | Zig:26   | Noticed Pulaeplotsu the pandemonium lord
110966 | Zig:26   | Killed Ciameanu the pandemonium lord
110967 | Zig:26   | Killed Okhiolia the pandemonium lord
110967 | Zig:26   | Noticed Hiocimao the pandemonium lord
110968 | Zig:26   | Noticed Seschou the pandemonium lord
110968 | Zig:26   | Noticed Xoicung the pandemonium lord
110969 | Zig:26   | Noticed Qaipn the pandemonium lord
110970 | Zig:26   | Killed Tawimu Qetu the pandemonium lord
110970 | Zig:26   | Killed Xoicung the pandemonium lord
110971 | Zig:26   | Killed Adeluil the pandemonium lord
110971 | Zig:26   | Killed Qaipn the pandemonium lord
110971 | Zig:26   | Killed Xocvam the pandemonium lord
110971 | Zig:26   | Killed Seuneaq the pandemonium lord
110971 | Zig:26   | Killed Ziral the pandemonium lord
110971 | Zig:26   | Noticed Ciprugho the pandemonium lord
110972 | Zig:26   | Killed Xetoyris the pandemonium lord
110972 | Zig:26   | Killed Hiocimao the pandemonium lord
110973 | Zig:26   | Killed Lanla the pandemonium lord
110973 | Zig:26   | Killed Pulaeplotsu the pandemonium lord
110973 | Zig:26   | Noticed Icvaviaf the pandemonium lord
110974 | Zig:26   | Noticed Keloakuo the pandemonium lord
110976 | Zig:26   | Killed Peenkauw the pandemonium lord
110977 | Zig:26   | Killed Seschou the pandemonium lord
110977 | Zig:26   | Killed Ciprugho the pandemonium lord
110977 | Zig:26   | Noticed Cyitwe the pandemonium lord
110979 | Zig:26   | Noticed Ino Onuv the pandemonium lord
110980 | Zig:26   | Noticed Ezisholo the pandemonium lord
110982 | Zig:26   | Killed Icvaviaf the pandemonium lord
110984 | Zig:26   | Noticed Boexafef the pandemonium lord
110987 | Zig:26   | Killed Ino Onuv the pandemonium lord
110987 | Zig:26   | Killed Keloakuo the pandemonium lord
110988 | Zig:26   | Killed Cyitwe the pandemonium lord
110989 | Zig:26   | Killed Ezisholo the pandemonium lord
110990 | Zig:26   | Killed Boexafef the pandemonium lord
110991 | Zig:26   | Found the +8 autumn katana {manifold assault}
111065 | Zig:26   | Identified the ring of Aprosuej {rF+ MP+9}
111067 | Zig:26   | Identified the +8 lajatang of the Goat {speed, rC+ rCorr
                  | Dex+2}
111068 | Zig:26   | Identified the +1 scale mail "Nipreosm" {Slay+2}
111073 | Zig:26   | Identified the +3 hand axe of Hosescha {freeze, rN+ Str+2
                  | Int+3}
111087 | Zig:26   | Identified the +7 war axe "Votyam" {flame, rPois rC+}
111234 | Zig:27   | Entered Level 27 of a ziggurat
111248 | Zig:27   | Reached skill level 15 in Shields
111262 | Zig:27   | Noticed Loipan the pandemonium lord
111266 | Zig:27   | Killed Loipan the pandemonium lord
111399 | Zig:27   | Identified the +9 plate armour "Byxt" {rC+ Int+2}
111415 | Zig:27   | Identified the staff of Intuition {rPois rC+ rCorr SInv
                  | Stlth- Poison}
111688 | Zot:1    | Killed an orb of fire
111767 | Zot:1    | Noticed an orb of fire
111770 | Zot:1    | Gained mutation: You sometimes lose your temper in combat.
                  | [an orb of fire]
111781 | Zot:1    | Killed an orb of fire
111784 | Zot:1    | Gained mutation: Armour fits poorly on your strangely
                  | shaped body. [a cacodemon]
111788 | Zot:1    | Killed an orb of fire
111874 | Zot:1    | Identified the +4 sling of the Blind Eye {speed, Fly}
111891 | Zot:1    | Identified the staff of Plog {rElec rN+ rCorr Dex-2 Air}
111905 | Zot:1    | Identified the ring of Hozeif {rPois rF- rC+ rCorr Str+3}
112316 | Zot:1    | Found a transporter.
112439 | Zot:1    | Found the +4 dragonskin cloak
112439 | Zot:1    | Noticed Tiamat
112492 | Zot:1    | Killed Tiamat
113145 | Zot:2    | Identified the +5 ring mail "Xacveari" {Rampage}
113870 | Zot:3    | Identified the +4 hand axe "Werugyo" {heavy, Int+4 Stlth+}
114908 | Zot:3    | Lost mutation: Armour fits poorly on your strangely shaped
                  | body. [potion of mutation]
114908 | Zot:3    | Lost mutation: You are very robust. (+20% HP) [potion of
                  | mutation]
114908 | Zot:3    | Gained mutation: Your muscles are strong. (Str +4, Int/Dex
                  | -1) [potion of mutation]
114908 | Zot:3    | Gained mutation: Your flesh is heat resistant. (rF+)
                  | [potion of mutation]
114909 | Zot:3    | Lost mutation: Your muscles are strong. (Str +4, Int/Dex
                  | -1) [potion of mutation]
114909 | Zot:3    | Lost mutation: You are robust. (+10% HP) [potion of
                  | mutation]
114909 | Zot:3    | Gained mutation: Your muscles are strong. (Str +4, Int/Dex
                  | -1) [potion of mutation]
114909 | Zot:3    | Gained mutation: You occasionally lose the ability to drink
                  | potions when taking damage. [potion of mutation]
114909 | Zot:3    | Lost mutation: Your muscles are strong. (Str +4, Int/Dex
                  | -1) [potion of mutation]
114909 | Zot:3    | Gained mutation: You are robust. (+10% HP) [potion of
                  | mutation]
114910 | Zot:3    | Lost mutation: You sometimes lose your temper in combat.
                  | [potion of mutation]
114910 | Zot:3    | Lost mutation: You occasionally lose the ability to drink
                  | potions when taking damage. [potion of mutation]
114910 | Zot:3    | Lost mutation: Your flesh is heat resistant. (rF+) [potion
                  | of mutation]
114910 | Zot:3    | Gained mutation: You have hidden genetic potential. [potion
                  | of mutation]
114910 | Zot:3    | Gained mutation: You passively map a small area around you.
                  | [potion of mutation]
114910 | Zot:3    | Gained mutation: You are agile. (Dex +4, Str/Int -1)
                  | [potion of mutation]
115024 | Zot:4    | Noticed an orb of fire
115231 | Zot:4    | Killed an orb of fire
115709 | Zot:5    | Entered Level 5 of the Realm of Zot
115899 | Zot:5    | Noticed an orb of fire
115903 | Zot:5    | Killed an orb of fire
116408 | Zot:5    | Noticed an ancient lich
116417 | Zot:5    | Killed an ancient lich
116467 | Zot:5    | Noticed an ancient lich
116473 | Zot:5    | Killed an ancient lich
116477 | Zot:5    | Noticed an orb of fire
116482 | Zot:5    | Gained mutation: Your spells are a little easier to cast,
                  | but a little less powerful. [an orb of fire]
116484 | Zot:5    | Killed an orb of fire
116712 | Zot:5    | Noticed an orb of fire
116719 | Zot:5    | Killed an orb of fire
117046 | Zot:5    | Noticed an ancient lich
117047 | Zot:5    | Noticed an ancient lich
117048 | Zot:5    | Noticed an orb of fire
117051 | Zot:5    | Killed an ancient lich
117057 | Zot:5    | Killed an orb of fire
117058 | Zot:5    | Noticed a dread lich
117061 | Zot:5    | Killed a dread lich
117073 | Zot:5    | Gained mutation: You have a pair of small horns on your
                  | head. [hidden potential]
117097 | Zot:5    | Killed an ancient lich
117691 | Pan      | Entered Pandemonium
117805 | Pan      | Gained mutation: You sometimes lose your temper in combat.
                  | [a cacodemon]
117807 | Pan      | Gained mutation: You are vulnerable to heat. (rF-) [a
                  | cacodemon]
117942 | Pan      | Noticed Zusaok the pandemonium lord
117976 | Pan      | Killed Zusaok the pandemonium lord
118927 | Pan      | Noticed Headeigaa the pandemonium lord
118947 | Pan      | Killed Headeigaa the pandemonium lord
118977 | Pan      | Got a demonic rune of Zot
119396 | Pan      | Noticed Ommutreg the pandemonium lord
119414 | Pan      | Killed Ommutreg the pandemonium lord
119419 | Pan      | Entered the realm of Mnoleg.
119424 | Pan      | Noticed Mnoleg
119426 | Pan      | Gained mutation: You occasionally lose the ability to read
                  | scrolls when taking damage. [a neqoxec]
119436 | Pan      | Killed Mnoleg
119588 | Pan      | Gained mutation: You are very agile. (Dex +8, Str/Int -2)
                  | [a cacodemon]
119847 | Pan      | Gained mutation: You are weak. (Str -2) [a cacodemon]
119897 | Pan      | Identified the +4 leather armour of Love and Death {Str+5}
120200 | Pan      | Identified the +4 dagger of Hepliaklqana's Delight {freeze,
                  | rElec Int+3}
120523 | Pan      | Gained mutation: You have an uncontrollable temper. [a
                  | cacodemon]
120526 | Pan      | Gained mutation: Your flesh is cold resistant. (rC+)
                  | [hidden potential]
120526 | Pan      | Lost mutation: You have hidden genetic potential. [hidden
                  | potential expressed]
120716 | Pan      | Got a glowing rune of Zot
120747 | Pan      | Lost mutation: You are vulnerable to heat. (rF-) [potion of
                  | mutation]
120747 | Pan      | Lost mutation: Your spells are a little easier to cast, but
                  | a little less powerful. [potion of mutation]
120747 | Pan      | Lost mutation: You passively map a small area around you.
                  | [potion of mutation]
120747 | Pan      | Gained mutation: You expend magic power (3 MP) to
                  | strengthen your wands. [potion of mutation]
120748 | Pan      | Lost mutation: You have an uncontrollable temper. [potion
                  | of mutation]
120748 | Pan      | Lost mutation: Your flesh is cold resistant. (rC+) [potion
                  | of mutation]
120748 | Pan      | Gained mutation: You have an increased reservoir of magic.
                  | (+10% MP) [potion of mutation]
120749 | Pan      | Lost mutation: You are robust. (+10% HP) [potion of
                  | mutation]
120749 | Pan      | Lost mutation: You are very agile. (Dex +8, Str/Int -2)
                  | [potion of mutation]
120749 | Pan      | Lost mutation: You sometimes lose your temper in combat.
                  | [potion of mutation]
120749 | Pan      | Gained mutation: You are vulnerable to cold. (rC-) [potion
                  | of mutation]
120749 | Pan      | Gained mutation: You possess an exceptional clarity of
                  | mind. [potion of mutation]
120750 | Pan      | Lost mutation: You are weak. (Str -2) [potion of mutation]
120750 | Pan      | Lost mutation: You are agile. (Dex +4, Str/Int -1) [potion
                  | of mutation]
120750 | Pan      | Lost mutation: You are vulnerable to cold. (rC-) [potion of
                  | mutation]
120750 | Pan      | Gained mutation: You are partially covered in iridescent
                  | scales. (AC +2) [potion of mutation]
120750 | Pan      | Gained mutation: You are somewhat resistant to further
                  | mutation. [potion of mutation]
120751 | Pan      | Lost mutation: You occasionally lose the ability to read
                  | scrolls when taking damage. [potion of mutation]
120751 | Pan      | Lost mutation: You have an increased reservoir of magic.
                  | (+10% MP) [potion of mutation]
120751 | Pan      | Lost mutation: You are somewhat resistant to further
                  | mutation. [potion of mutation]
120751 | Pan      | Gained mutation: Your flesh is cold resistant. (rC+)
                  | [potion of mutation]
120751 | Pan      | Gained mutation: You are agile. (Dex +4, Str/Int -1)
                  | [potion of mutation]
120751 | Pan      | Gained mutation: You are mostly covered in iridescent
                  | scales. (AC +4) [potion of mutation]
121060 | Pan      | Noticed Pem Zacew the pandemonium lord
121064 | Pan      | Killed Pem Zacew the pandemonium lord
121397 | Pan      | Noticed Tissiake the pandemonium lord
121416 | Pan      | Killed Tissiake the pandemonium lord
121417 | Pan      | Reached skill level 27 in Shields
121562 | Pan      | Found a white marble altar of Elyvilon.
121672 | Pan      | Identified the +0 cloak of Esoupson {rF+ Str+2}
122143 | Pan      | Identified the +3 scale mail "Renemug" {Regen+}
122239 | Pan      | Reached skill level 27 in Dodging
122610 | Pan      | Found a glowing silver altar of Zin.
122764 | Pan      | Reached skill level 27 in Armour
122983 | Pan      | Identified the ring "Koriops" {Will- AC+4 Str+8 Int+3
                  | Dex+3}
122983 | Pan      | Noticed a seraph
122988 | Pan      | Killed a seraph
122989 | Pan      | Found a glowing golden altar of the Shining One.
122993 | Pan      | Identified the +6 scimitar "Upiekhli" {heavy, rN+ MP+9}
123096 | Pan      | Identified the staff of Mastery {Str+9 Conj}
123105 | Pan      | Identified the staff "Exuwarr" {Fragile rPois rF+ Earth}
123705 | Pan      | Entered the realm of Gloorx Vloq.
123733 | Pan      | Reached skill level 10 in Conjurations
124563 | Pan      | Reached skill level 15 in Summonings
124699 | Pan      | Noticed Gloorx Vloq
124707 | Pan      | Killed Gloorx Vloq
124834 | Pan      | Found an exit through the horrors of the Abyss.
125510 | Pan      | Got a dark rune of Zot
125567 | Pan      | Took an exit into the Abyss.
125567 | Abyss:1  | Escaped into the Abyss
125651 | Abyss:1  | Found a corrupted altar of Lugonu.
126032 | Abyss:3  | Got an abyssal rune of Zot
126037 | Depths:4 | Escaped the Abyss
126045 | Pan      | Entered Pandemonium
126045 | Pan      | Noticed Syff the pandemonium lord
126052 | Pan      | Killed Syff the pandemonium lord
126998 | Pan      | Found an exit through the horrors of the Abyss.
127015 | Pan      | Noticed Bohanut the pandemonium lord
127015 | Pan      | Gained mutation: Your spells are a little easier to cast,
                  | but a little less powerful. [a neqoxec]
127036 | Pan      | Killed Bohanut the pandemonium lord
127412 | Pan      | Reached skill level 15 in Conjurations
127527 | Pan      | Noticed Poataica the pandemonium lord
127539 | Pan      | Killed Poataica the pandemonium lord
127730 | Pan      | Noticed Xagg the pandemonium lord
127752 | Pan      | Killed Xagg the pandemonium lord
127911 | Pan      | Identified the ring of Daisies {Wiz Str+7}
127913 | Pan      | Identified the staff of Udwetr Vyli {Drain rElec Str+4 Air}
128024 | Pan      | Found an exit through the horrors of the Abyss.
128188 | Pan      | Entered the realm of Cerebov.
128345 | Pan      | Identified the amulet of Jeklomol {Harm rElec Regen+ Str+3}
128462 | Pan      | Noticed Ignacio
128468 | Pan      | Killed Ignacio
128520 | Pan      | Identified the ring "Uginoess" {rC+ MP-9 Dex+6}
128585 | Pan      | Identified the +0 chain mail "Ofimoma" {Rampage rF- rN+++
                  | MP+9}
128717 | Pan      | Found an exit through the horrors of the Abyss.
128958 | Pan      | Identified the +2 morningstar of Jecing {freeze, rElec
                  | Str+3}
129048 | Pan      | Found the +6 sword of Cerebov {flame}
129048 | Pan      | Noticed Cerebov
129066 | Pan      | Killed Cerebov
129078 | Pan      | Got a fiery rune of Zot
129420 | Pan      | Reached skill level 1 in Throwing
129516 | Pan      | Entered the realm of Lom Lobon.
130175 | Pan      | Reached skill level 5 in Throwing
130214 | Pan      | Noticed Lom Lobon
130229 | Pan      | Killed Lom Lobon
130280 | Pan      | Got a magical rune of Zot
130717 | Pan      | Found an exit through the horrors of the Abyss.
130723 | Pan      | Identified the +4 war axe of the Destroying Blowfly {spect,
                  | Fragile rElec Str+2 Int+3}
130726 | Pan      | Took an exit into the Abyss.
130726 | Abyss:3  | Escaped into the Abyss
130735 | Depths:4 | Escaped the Abyss
130790 | Geh:1    | Entered Level 1 of Gehenna
130869 | Geh:2    | Noticed a dread lich
131115 | Geh:2    | Killed a dread lich
131551 | Geh:7    | Entered Level 7 of Gehenna
131650 | Geh:7    | Reached skill level 10 in Throwing
132659 | Geh:7    | Identified the staff "Godudapn" {rN+ Str+2 Dex+4 Necro}
132752 | Geh:7    | Noticed a dread lich
132755 | Geh:7    | Killed a dread lich
132760 | Geh:7    | Found the +13 sceptre of Asmodeus
132760 | Geh:7    | Noticed Asmodeus
132772 | Geh:7    | Killed Asmodeus
132788 | Geh:7    | Got an obsidian rune of Zot
132916 | Tar:1    | Entered Level 1 of Tartarus
133478 | Tar:4    | You are sucked into a shaft and drop 2 floors!
133716 | Tar:7    | Entered Level 7 of Tartarus
134120 | Tar:7    | Noticed a dread lich
134133 | Tar:7    | Killed a dread lich
134270 | Tar:7    | Identified the staff "Arhegum" {rF+ Str-4 Dex+4 Tmut Fire}
134302 | Tar:7    | Identified the +8 shortbow of Greed {freeze, rElec rPois
                  | rN+ Str-4}
134310 | Tar:7    | Identified the +9 arbalest of Gyarulule {drain, *Corrode
                  | Fly rN++ Stlth-}
134345 | Tar:7    | Identified the +0 buckler of Exclusion {Fly rF+ SInv}
134888 | Tar:7    | Identified the +5 shortbow "Ciss" {flame, Str+4}
134903 | Tar:7    | Identified the +8 quick blade of Nenaduif {heavy, Dex+3}
135206 | Tar:7    | Noticed Ereshkigal
135218 | Tar:7    | Killed Ereshkigal
135231 | Tar:7    | Got a bone rune of Zot
135352 | Coc:1    | Entered Level 1 of Cocytus
136109 | Coc:5    | Reached skill level 15 in Throwing
136491 | Coc:7    | Entered Level 7 of Cocytus
137101 | Coc:7    | Identified the +4 orcbow "Ysiu" {drain, +Blink rF+ Will-
                  | Str+5 Stlth+}
137102 | Coc:7    | Identified the +4 war axe of Subjectivity {vamp, +Blink
                  | rElec Str-2 Dex+3}
137107 | Coc:7    | Identified the ring "Etwargh" {Fire Int+4}
137107 | Coc:7    | Noticed Antaeus
137110 | Coc:7    | Got an icy rune of Zot
137125 | Coc:7    | Killed Antaeus
137373 | Zot:5    | Got the Orb of Zot
137666 | Depths:2 | Noticed Bopeo the pandemonium lord
137687 | Depths:2 | Killed Bopeo the pandemonium lord
137757 | D:15     | Noticed Boris
137760 | D:15     | Killed Boris
138344 | D:1      | Noticed Hastrepp the pandemonium lord
138400 | D:1      | Killed Hastrepp the pandemonium lord
138412 | Zig:1    | Entered Level 1 of a ziggurat
138423 | Zig:2    | Entered Level 2 of a ziggurat
138437 | Zig:3    | Entered Level 3 of a ziggurat
138507 | D:1      | Learned a level 9 spell: Chain Lightning
138509 | D:1      | Noticed Zypiud the pandemonium lord
138509 | D:1      | Noticed an ancient lich
138518 | D:1      | Killed Zypiud the pandemonium lord
138519 | D:1      | Killed an ancient lich
138553 | D:1      | Learned a level 8 spell: Summon Horrible Things
138585 | D:1      | Noticed Fuecviob the pandemonium lord
138651 | D:1      | Killed Fuecviob the pandemonium lord
138653 | D:1      | Noticed a seraph
138655 | D:$      | Escaped with the Orb!

Illustrated notes

Levels and vault maps discovered:
D:1:      spicycebolla_arrival_ecumenical, layout_basic, minmay_misc_feat_alley
D:2:      layout_loops_cross
D:3:      layout_rooms, serial_curves, eino_curves_01, eino_curves_01,
          eino_curves_04
D:4:      layout_basic, kennysheep_slug_shrine, nicolae_dithmenos_the_darkroom,
          serial_shops, nicolae_shop_waterfront
D:5:      layout_rooms, nicolae_qazlal_general_emergency, serial_demonic,
          serial_demonic_d, serial_demonic_c, serial_demonic_g,
          serial_demonic_d, uniq_duvessa
D:6:      layout_cave_pools, temple_hall, minmay_ruffians, uniq_menkaure
D:7:      layout_basic, nicolae_overflow_hidden_temple, kennysheep_little_box,
          enter_bailey_2
D:8:      layout_rooms
D:9:      layout_basic, mainiacjoe_overflow_six_doors_small,
          kennysheep_orc_monster_closet_entryway, minmay_shattered_shrine,
          uniq_maurice
D:10:     layout_basic, lair_entry_dummy, minivault_25, uniq_josephine,
          uniq_sonja, uniq_lodul, uniq_nergalle
D:11:     layout_roguey, serial_aquarium, aquarium_bridge_square
          [aquarium_subvault_wall, aquarium_subvault_window,
          aquarium_subvault_bridge, aquarium_subvault_bridge],
          aquarium_window_fake, aquarium_window_fake, aquarium_view_2f,
          aquarium_view_2a, serial_shops, nicolae_stop_n_shop_2,
          serial_bayou_lake_a
D:12:     layout_gridville, serial_rivers, chequers_serial_rivers_micro_e,
          chequers_serial_rivers_micro_b, chequers_serial_rivers_marsh,
          chequers_serial_rivers_marsh
D:13:     layout_roguey, nicolae_danse_macabre
D:14:     layout_cave_pools, david_vaults_1, kennysheep_cross_bottleneck,
          kennysheep_donut, trog_hazing_becter, uniq_azrael
D:15:     grunt_enter_depths_magical_seal, layout_basic, gauntlet_entry_generic,
          chequers_serial_rivers_marsh, nicolae_concentric_dashed_squares_wild
Temple:   nicolae_temple_superstar
Lair:1:   layout_cellular_growth, chequers_serial_rivers_marsh, uniq_gastronok
Lair:2:   layout_loops_ring
Lair:3:   layout_roguey, elwin_shoals_entry_rooms, alex1729_snake_entry_snake,
          infiniplex_staircase_pool
Lair:4:   layout_roguey, gammafunk_ghost_hive
Lair:5:   evilmike_catoblepas_cave, layout_gridlike, slime_entry_1,
          st_stairs_13, nicolae_lair_lil_pond, roderic_batcave
Shoals:1: layout_shoals, nicolae_shoals_cliffside_cave
Shoals:2: layout_shoals, lemuel_altar_in_water, uniq_polyphemus
Shoals:3: layout_shoals, serial_shops, shop
Shoals:4: shoals_end_hellmonk_holy_island
Snake:1:  gammafunk_sealed_library, layout_honeycomb, lemuel_fruit_tree
Snake:2:  cheibrodos_toxic_ritual, layout_onion_interference,
          serial_library_hellmonk_room_c, minmay_shop_enchanted_jewellery,
          nicolae_snake_single_loop, hangedman_corner_corridor, uniq_donald
Snake:3:  layout_layer_cave, basic_altar
Snake:4:  snake_pit_salamanders_mu, layout_onion_interference, serial_shops,
          bzr_entry_customers, grunt_ministairs_7, uniq_louise, uniq_vashnia,
          uniq_bai_suzhen
Slime:1:  layout_caves
Slime:2:  layout_caves
Slime:3:  layout_caves
Slime:4:  layout_caves
Slime:5:  slime_pit_nicolae_royal_road_to_ruin
Orc:1:    layout_diamond_mine, serial_shops, nicolae_shop_industrial_runoff,
          nicolae_shop_firing_range
Orc:2:    grunt_orc_cross, layout_diamond_mine
Elf:1:    eino_elf_arrival_sip, layout_geoelf_octagon,
          portal_ice_cave_entry_pillars_1, minmay_elf_sorcery, feat_on_display
Elf:2:    nicolae_elf_blades_splatter_lattice [nooodl_blade_entry_preview],
          layout_rooms, serial_shops, nicolae_shop_hallway_stairs,
          nicolae_elf_free_trip_to_the_abyss
Elf:3:    elf_hall, layout_geoelf_octagon, minivault_26, serial_nicolae_subway,
          nicolae_sub_station_metal, nicolae_sub_station_crystal,
          nicolae_sub_station_stone
Vaults:1: v_misc_9, nicolae_vaults_ninety_degrees, nicolae_vaults_six-pack,
          v_misc_3, nicolae_vaults_asterisk,
          nicolae_vaults_trapezoid_lopsided_2, ontoclasm_vaults_shuriken,
          v_alt_pattern_6, v_pattern_1, nicolae_vaults_surprise_closet_hard,
          layout_vaults_chaotic_city, uniq_nikola, uniq_asterion
Vaults:2: dpeg_vaults_waves, nicolae_vaults_mini_display_case,
          hangedman_vaults_impose, nicolae_vaults_yaktaur_gun_rack,
          vaults_room_door_hall, nicolae_vaults_more_shelving_1,
          nicolae_vaults_network_quinsquares
          [nicolae_vaults_network_quincunx_subvault,
          nicolae_vaults_network_quincunx_subvault,
          nicolae_vaults_network_quincunx_subvault,
          nicolae_vaults_network_quincunx_subvault], vaults_dpeg_spiral,
          nicolae_vaults_gold_heap, layout_vaults_omnigrid
Vaults:3: portal_desolation_entry_twin_temple, v_pattern_3,
          nicolae_vaults_hexular_roomagon, v_rooms_6, v_misc_17,
          nicolae_vaults_offset_grid_hallway_3, vaults_dpeg_cross,
          nicolae_vaults_double_plus_2, nicolae_vaults_trapezoid_lopsided_1,
          v_misc_11, nicolae_vaults_trapezoid_4, ontoclasm_vaults_idyll,
          nicolae_vaults_oval_intersection, nicolae_vaults_little_squares_6,
          layout_vaults_ring, serial_shops, shop, nicolae_shop_waterfront,
          nicolae_shop_waterfront
Vaults:4: nicolae_vaults_house_2, nicolae_vaults_little_squares_2,
          nicolae_vaults_closet_pinwheel_2, nicolae_vaults_wrenched,
          nicolae_vaults_heist, dpeg_vaults_monster_row, v_misc_31,
          nicolae_vaults_big_ls, nicolae_vaults_angled_halls, serial_ice_g,
          v_misc_8, v_misc_17, nicolae_vaults_trapezoid_lopsided_3,
          vaults_room_semicircle, layout_vaults_omnicross
Vaults:5: uniq_boris
Crypt:1:  layout_chaotic_city, st_stairs_13, serial_library_hellmonk_open_cross,
          grunt_crypt_arrival_guarded_gate
Crypt:2:  layout_chaotic_city, nzn_ghost_randoct
Crypt:3:  lightli_unholy_cathedral, layout_chaotic_city,
          nicolae_tomb_entry_unfolded_pyramid_diagonal, basic_altar
Tomb:1
Tomb:2
Tomb:3
Depths:1: layout_basic, minmay_misc_feat_chi, hell_entry, abyss_entry_crystal,
          amcnicky_mini_pool_small, nicolae_sif_muna_little_library,
          minmay_shop_grove
Depths:2: wad_courtyard, layout_long_grid, enter_ziggurat_d, abyss_entry,
          pf_hell_entry_great_geh, rand_demon_pan_entry_3,
          infiniplex_enter_wizlab_glasses, minmay_misc_feat_square,
          infiniplex_staircase_zigzag_4, uniq_enchantress
Depths:3: evilmike_diamond_2, layout_honeycomb, enter_trove_6, pf_coc_iceberg,
          nicolae_abyss_entry_one_way_or_another
Depths:4: grunt_crosshair, layout_basic, roderic_lattice_a,
          grunt_mini_vestibule, rand_demon_pan_entry_1, abyss_entry,
          nicolae_fountain_basement, uniq_margery
Hell
Dis:1:    layout_subdivisions, lemuel_dis_dragons
Dis:2:    layout_subdivisions
Dis:3:    layout_overlapping_boxes, serial_glass, glass_columns_c,
          glass_columns_a
Dis:4:    layout_gridville, glass_columns_a, hangedman_dis_decor_tower,
          not_door_vault_due
Dis:5:    layout_overlapping_boxes, nicolae_dis_scattering
Dis:6:    layout_regular_city, hangedman_dis_chains
Dis:7:    dis_hangedman
Geh:1:    layout_gehenna_pools_basic
Geh:2:    layout_gehenna_pools_box, lemuel_old_faithful
Geh:3:    layout_gehenna_pools_basic, nicolae_geh_fourpack
Geh:4:    layout_gehenna_pools_basic
Geh:5:    layout_gehenna_pools_triple
Geh:6:    layout_gehenna_pools_box
Geh:7:    geh_mu
Coc:1:    layout_ice_bergs
Coc:2:    layout_cocytus_water_paths
Coc:3:    layout_ice_bergs
Coc:4:    layout_cocytus_delve
Coc:5:    layout_ice_bergs
Coc:6:    layout_cocytus_delve, nicolae_hells_hurtin_island
Coc:7:    coc_old
Tar:1:    layout_grid_maze, nicolae_tar_stay_or_leave
Tar:2:    layout_grid_maze
Tar:3:    layout_grid_maze
Tar:4:    layout_grid_maze, nicolae_tar_combstack
Tar:6:    layout_grid_maze
Tar:7:    tar_mu [tar_mu_maze]
Zot:1:    gammafunk_dig_for_victory, layout_twisted_circle, uniq_grunn,
          uniq_tiamat, uniq_josephina
Zot:2:    layout_gridlike, skrybe_zot_glass_3
Zot:3:    circus_mu, layout_cathedral_of_symmetry
Zot:4:    layout_misc_corridors
Zot:5:    layout_gridlike

Skill      XL: |  1  2  3  4  5  6  7  8  9 10 11 12 13 14 15 16 17 18 19 20 21 22 23 24 25 26 27 |
---------------+----------------------------------------------------------------------------------+-----
Earth Magic    | 4 5 6 7 8 10 11 13 15 17 19 20 22 23 25 26 27 | 27.0
Spellcasting   | 3 4 6 7 9 11 12 14 15 17 18 20 21 22 24 26 27 | 27.0
Conjurations   | 8 26 | 26.9
Summonings     | 9 12 22 | 22.0
Ice Magic      | 12 17 21 24 25 27 | 27.0
Necromancy     | 11 27 | 27.0
Translocations | 12 | 12.0
Stealth        | 27 | 27.0
Armour         | 27 | 27.0
Dodging        | 27 | 27.0
Fighting       | 27 | 27.0
Staves         | 23 | 23.1
Shields        | 27 | 27.0
Throwing       | 16 | 16.0
Transmutations | |  0.7

Action                     |  1- 3 |  4- 6 |  7- 9 | 10-12 | 13-15 | 16-18 | 19-21 | 22-24 | 25-27 || total
---------------------------+-------+-------+-------+-------+-------+-------+-------+-------+-------++-------
  Melee: Dagger            |    16 |       |       |       |       |       |       |       |       ||    16
         Staff             |       |       |       |       |     4 |       |       |       |  1671 ||  1675
         Short sword       |       |       |       |       |       |     2 |    60 |    51 |       ||   113
         Hand axe          |       |       |       |       |       |       |       |    75 |    40 ||   115
         Headbutt          |       |       |       |       |       |       |       |       |   498 ||   498
  Throw: Javelin           |       |       |       |       |       |       |       |       |    16 ||    16
   Cast: Sandblast         |    50 |    78 |    95 |   130 |   265 |    14 |       |       |     1 ||   633
         Stone Arrow       |       |     2 |    52 |   256 |   458 |   110 |     3 |       |       ||   881
         Leda's Liquefacti |       |       |       |     1 |    26 |       |       |       |       ||    27
         Borgnjor's Vile C |       |       |       |    14 |   128 |    95 |     9 |       |       ||   246
         Shatter           |       |       |       |       |       |   189 |   423 |   484 |  1429 ||  2525
         Spellforged Servi |       |       |       |       |       |       |       |    11 |    40 ||    51
         Polar Vortex      |       |       |       |       |       |       |       |       |   625 ||   625
         Lehudib's Crystal |       |       |       |       |       |       |       |       |   116 ||   116
         Death's Door      |       |       |       |       |       |       |       |       |    18 ||    18
         Summon Horrible T |       |       |       |       |       |       |       |       |     2 ||     2
 Invoke: Call Merchant     |       |       |       |       |     4 |       |       |       |    10 ||    14
         Potion Petition   |       |       |       |       |       |       |     4 |     1 |    49 ||    54
  Evoke: Wand              |       |       |     1 |       |       |     1 |       |       |       ||     2
         Figurine of a zig |       |       |       |       |       |       |       |       |     3 ||     3
    Use: Scroll            |       |     3 |     7 |     3 |    21 |     1 |     8 |     3 |    15 ||    61
         Potion            |       |     1 |       |       |     5 |     1 |     5 |     2 |    74 ||    88
   Stab: Distracted        |       |       |       |       |       |       |       |     1 |    28 ||    29
         Sleeping          |       |       |       |       |       |       |       |       |     2 ||     2
         Invisible         |       |       |       |       |       |       |       |       |     1 ||     1
 Armour: Robe              |    18 |    58 |    56 |    46 |       |    62 |   275 |       |       ||   515
         Skin              |       |     3 |       |       |       |       |       |       |       ||     3
         Acid dragon scale |       |       |       |    90 |   334 |    93 |    24 |   421 |  2719 ||  3681
  Dodge: Dodged            |    28 |    55 |    77 |   143 |   348 |    57 |   119 |   149 |  2404 ||  3380
  Block: Buckler           |       |       |       |       |       |       |       |       |  1390 ||  1390
         Reflection        |       |       |       |       |       |       |       |       |     1 ||     1

Table legend: (Time is in decaauts)
 A = Elapsed time spent in this place.
 B = Non-inter-level travel time spent in this place.
 C = Inter-level travel time spent in this place.
 D = Time resting spent in this place.
 E = Time spent auto-exploring this place.
 F = Levels seen in this place.
 G = Mean time per level.
                   A        B        C        D        E       F      G
               +--------+--------+--------+--------+--------+-----+--------+
         Total | 138798 | 126101 |  12697 |   7805 |  92539 | 179 |  775.4 |
       Dungeon |  17757 |  15121 |   2636 |    360 |  12221 |  15 | 1183.8 |
        Temple |     67 |      1 |     66 |      0 |      0 |   1 |   67.0 |
          Lair |  10262 |   8776 |   1486 |    364 |   6735 |   5 | 2052.4 |
        Shoals |   4247 |   4091 |    156 |    225 |   3467 |   4 | 1061.8 |
     Snake Pit |   5113 |   4711 |    402 |    661 |   3377 |   4 | 1278.2 |
    Slime Pits |   6598 |   6239 |    359 |     81 |   5657 |   5 | 1319.6 |
  Orcish Mines |   2715 |   2144 |    571 |    148 |   1510 |   2 | 1357.5 |
   Elven Halls |   7058 |   5170 |   1888 |    483 |   3623 |   3 | 2352.7 |
        Vaults |  14878 |  14318 |    560 |    858 |  11870 |   5 | 2975.6 |
         Crypt |   8080 |   7682 |    398 |    400 |   6596 |   3 | 2693.3 |
          Tomb |   4691 |   3678 |   1013 |   1158 |   1838 |   3 | 1563.7 |
        Depths |  10313 |   9542 |    771 |    159 |   8409 |   4 | 2578.2 |
          Hell |   2470 |   2272 |    198 |      0 |   2037 |   1 | 2470.0 |
           Dis |   5333 |   4010 |   1323 |   1205 |   1723 |   7 |  761.9 |
       Gehenna |   1902 |   1769 |    133 |     30 |   1141 |   7 |  271.7 |
       Cocytus |   1743 |   1685 |     58 |     41 |   1154 |   7 |  249.0 |
      Tartarus |   2286 |   2207 |     79 |      0 |   1530 |   6 |  381.0 |
           Zot |   6343 |   5749 |    594 |    559 |   3794 |   5 | 1268.6 |
         Abyss |    470 |    470 |      0 |      0 |      0 |   4 |  117.5 |
   Pandemonium |  12229 |  12229 |      0 |    140 |   8388 |  24 |  509.5 |
      Ziggurat |   9960 |   9960 |      0 |    146 |   5829 |  57 |  174.7 |
        Bazaar |     20 |     20 |      0 |      0 |      8 |   1 |   20.0 |
         Trove |     38 |     38 |      0 |      0 |      0 |   1 |   38.0 |
        Bailey |   1003 |   1003 |      0 |    315 |    156 |   1 | 1003.0 |
      Ice Cave |     17 |     17 |      0 |      0 |      0 |   1 |   17.0 |
        Wizlab |    743 |    743 |      0 |    116 |    335 |   1 |  743.0 |
    Desolation |   1358 |   1358 |      0 |     90 |    782 |   1 | 1358.0 |
      Gauntlet |   1091 |   1091 |      0 |    263 |    353 |   1 | 1091.0 |
               +--------+--------+--------+--------+--------+-----+--------+

Top non-repeatable levels by time:
Vaults:4: 5238 daAuts
Vaults:3: 3771 daAuts
Depths:3: 3642 daAuts
Depths:2: 3084 daAuts
 Crypt:3: 2938 daAuts
 Crypt:2: 2918 daAuts
  Lair:5: 2915 daAuts
  Tomb:1: 2893 daAuts
   Dis:7: 2614 daAuts
   Elf:2: 2596 daAuts
    Hell: 2470 daAuts
   Elf:3: 2448 daAuts
Vaults:2: 2327 daAuts
  Lair:3: 2256 daAuts
 Crypt:1: 2223 daAuts
